 Dungeon Crawl Stone Soup version 0.31-a0-931-g7b59d4eb97 (webtiles) character file.

Game seed: 15192776628667563586

779120 Mgcat the Petrodigitator (level 27, -16/197 HPs)
             Began as a Gargoyle Earth Elementalist on Oct 18, 2023.
             Was the Champion of Vehumet.
             Killed from afar by a hellion (28 damage)
             ... with damnation
             ... on level 27 of a ziggurat on Oct 19, 2023.
             The game lasted 05:19:15 (87785 turns).

Mgcat the Petrodigitator (GrEE)                    Turns: 87785, Time: 05:19:16

Health: -16/197    AC: 52    Str: 17    XL:     27
Magic:  4/45       EV: 14    Int: 37    God:    Vehumet [******]
Gold:   4728       SH: 10    Dex: 10    Spells: 20/64 levels left

rFire   + + .        F - staff of the Sky {rF+ rCorr Str+3 Fire}
rCold   + + +        A - +3 buckler {rF+}
rNeg    + . .        b - quicksilver dragon scales
rPois   ∞            N - +0 helmet "Jinliq" {rElec Will++ Str-5 Int+3}
rElec   +            a - +4 dragonskin cloak
rCorr   +            W - +2 pair of gloves
SInv    +            M - +0 pair of boots "Tenit" {rPois Will++ Regen+ MP+9}
Will    +++++        G - dreamdust necklace {Acrobat}
Stlth   +            k - ring of the Hurling Bones {Will+ Int+7 SInv Stlth-}
HPRegen 1.32/turn    r - ring of the Mpinguari {Wiz Drain rElec rC+++ Str+4}
MPRegen 0.29/turn

%: acrobat, wizardry (x1)
@: flying, studying 3 skills
A: sickness immunity, AC +20, big wings, negative energy resistance 1,
electricity resistance, torment resistance 1, petrification resistance,
iridescent scales 1, low MP 2, wild magic 1
}: 3/15 runes: decaying, serpentine, silver
a: Renounce Religion


You were on level 27 of a ziggurat.
You worshipped Vehumet.
Vehumet was exalted by your worship.
You visited 11 branches of the dungeon, and saw 51 of its levels.
You visited 1 bazaar.
You visited 1 ziggurat, and saw 27 of its levels.
You also visited: Trove, Ossuary, Gauntlet and Ice Cave.

You collected 10281 gold pieces.
You spent 5553 gold pieces at shops.

Inventory:

Hand Weapons
 i - a +7 orcbow of draining
   (You found it on level 4 of a ziggurat)
 s - the +6 Majin-Bo {spellvamp, MP+6 Int+6}
   (You found it on level 19 of a ziggurat)

   Int+6:     It affects your intelligence (+6).
   MP+6:      It affects your magic capacity (+6).
Armour
 a - the +4 dragonskin cloak (worn)
   (You took it off Tiamat on level 1 of the Realm of Zot)

   Avatar's Aegis: It grants the wearer a chance to resist fire, cold, poison,
   electricity, acid, and negative energy.
 b - quicksilver dragon scales (worn)
   (You found it on level 5 of the Vaults)
 v - the +0 robe of a Hundred Wars {rElec Str-3 Int+5}
   (You took it off a deep elf knight on level 3 of the Elven Halls)

   Str-3:     It affects your strength (-3).
   Int+5:     It affects your intelligence (+5).
   rElec:     It insulates you from electricity.
 A - a +3 buckler of fire resistance (worn)
   (You took it off a tengu warrior on level 1 of the Depths)
 J - the +2 pair of boots of the Evening Star {rPois SInv}
   (You found it on level 16 of a ziggurat)

   rPois:     It protects you from poison SInv: It lets you see invisible.
 L - a +3 buckler of cold resistance
   (You found it on level 12 of a ziggurat)
 M - the +0 pair of boots "Tenit" (worn) {rPois Will++ Regen+ MP+9}
   (You bought it in a shop on level 2 of the Dungeon)

   rPois:     It protects you from poison Will++: It greatly increases your
   willpower.
   MP+9:      It affects your magic capacity (+9).
   Regen+:    It increases your rate of health regeneration.
 N - the +0 helmet "Jinliq" (worn) {rElec Will++ Str-5 Int+3}
   (You acquired it on level 2 of the Dungeon)

   Str-5:     It affects your strength (-5).
   Int+3:     It affects your intelligence (+3).
   rElec:     It insulates you from electricity.
   Will++:    It greatly increases your willpower.
 W - a +2 pair of gloves (worn)
   (You found it on level 4 of the Lair of Beasts)
Magical Staves
 p - the staff of Duty {rF+ Earth}
   (You found it on level 24 of a ziggurat)

   [staff of earth]

   Base accuracy: +5 Base damage: 5 Base attack delay: 1.2 This weapon's minimum
   attack delay (0.6) is reached at skill level 12.
   rF+:       It protects you from fire.
   Earth:     It increases the power of your Earth spells.
   It falls into the 'Staves' category.
   It is a one-handed weapon.
 D - the staff "Resesk" {rC+ rN+ Necro}
   (You found it on level 5 of a ziggurat)

   [staff of death]

   Base accuracy: +5 Base damage: 5 Base attack delay: 1.2 This weapon's minimum
   attack delay (0.6) is reached at skill level 12.
   rC+:       It protects you from cold.
   rN+:       It protects you from negative energy.
   Necro:     It increases the power of your Necromancy spells.
   It falls into the 'Staves' category.
   It is a one-handed weapon.
 F - the staff of the Sky (weapon) {rF+ rCorr Str+3 Fire}
   (You found it on level 7 of a ziggurat)

   [staff of fire]

   Base accuracy: +5 Base damage: 5 Base attack delay: 1.2 This weapon's minimum
   attack delay (0.6) is reached at skill level 12.
   Str+3:     It affects your strength (+3).
   rF+:       It protects you from fire.
   rCorr:     It protects you from acid and corrosion.
   Fire:      It increases the power of your Fire spells.
   It falls into the 'Staves' category.
   It is a one-handed weapon.
 U - the staff "Qopsiqiz" {rElec rC++ Air}
   (You found it on level 26 of a ziggurat)

   [staff of air]

   Base accuracy: +5 Base damage: 5 Base attack delay: 1.2 This weapon's minimum
   attack delay (0.6) is reached at skill level 12.
   rC++:      It greatly protects you from cold.
   rElec:     It insulates you from electricity.
   Air:       It increases the power of your Air spells.
   It falls into the 'Staves' category.
   It is a one-handed weapon.
Jewellery
 k - the ring of the Hurling Bones (left hand) {Will+ Int+7 SInv Stlth-}
   (You found it on level 22 of a ziggurat)

   [ring of see invisible]

   Int+7:     It affects your intelligence (+7).
   Will+:     It increases your willpower.
   SInv:      It lets you see invisible.
   Stlth-:    It makes you less stealthy.
 r - the ring of the Mpinguari (right hand) {Wiz Drain rElec rC+++ Str+4}
   (You acquired it on level 19 of a ziggurat)

   [ring of wizardry]

   Wiz:       It improves your spell success rate.
   Str+4:     It affects your strength (+4).
   rC+++:     It renders you almost immune to cold.
   rElec:     It insulates you from electricity.
   Drain:     It drains your maximum health when unequipped.
 y - the amulet of Uninlown {RegenMP Int+2 SInv}
   (You found it in a treasure trove)

   [amulet of magic regeneration]

   RegenMP:   It increases your rate of magic regeneration.
   Int+2:     It affects your intelligence (+2).
   SInv:      It lets you see invisible.
 G - the dreamdust necklace (around neck) {Acrobat}
   (You found it on level 22 of a ziggurat)

   [amulet of the acrobat]

   Acrobat:   It increases your evasion while moving and waiting.
Wands
 m - a wand of iceblast (96)
   (You found it on level 3 of the Dungeon)
 C - a wand of quicksilver (53)
   (You found it on level 11 of the Dungeon)
 Y - a wand of digging (45)
   (You found it in a Gauntlet)
Scrolls
 c - 6 scrolls of torment {!r}
 l - 10 scrolls of blinking {!r}
 w - 13 scrolls of teleportation
 x - 13 scrolls of poison
 B - 18 scrolls of fog
 H - 4 scrolls of amnesia
 I - 15 scrolls of vulnerability {!r!r}
 K - 8 scrolls of summoning
 P - 8 scrolls of enchant armour
 V - 8 scrolls of revelation
Potions
 f - 8 potions of ambrosia
 g - 7 potions of brilliance
 h - 5 potions of might
 j - 20 potions of mutation {!q}
 n - 7 potions of cancellation
 o - 40 potions of curing
 u - 12 potions of heal wounds
 z - 5 potions of lignification {!q}
 O - 3 potions of resistance
 Q - a potion of berserk rage {!q}
 T - 6 potions of invisibility
Miscellaneous
 d - a phial of floods
   (You found it on level 2 of the Vaults)
 E - a lightning rod (4/4)
   (You found it on level 5 of the Vaults)
 R - a sack of spiders
   (You found it in a Gauntlet)
 S - a condenser vane (inert)
   (You found it on level 11 of the Dungeon)
 X - a phantom mirror
   (You found it in a Gauntlet)


   Skills:
 + Level 26.7 Fighting
 - Level 12.0 Staves
 - Level 18.2 Armour
 - Level 12.1 Dodging
 - Level 5.0 Stealth
 - Level 15.2 Shields
 + Level 19.1 Spellcasting
 O Level 27 Conjurations
 - Level 9.4 Summonings
 + Level 11.5 Necromancy
 - Level 0.7 Transmutations
 + Level 20.5 Fire Magic
 O Level 27 Earth Magic
 + Level 14.4 Evocations


You had 20 spell levels left.
You knew the following spells:

 Your Spells              Type           Power      Damage    Failure   Level
a - Bombard               Conj/Erth      70%        9d11      1%          6
b - Spellforged Servitor  Conj/Summ      60%        N/A       1%          7
c - Borgnjor's Vile Clut  Necr/Erth      62%        N/A       1%          5
d - Shatter               Erth           70%        3d52*     1%          9
e - Fire Storm            Conj/Fire      80%        8d20      1%          9
f - Lehudib's Crystal Sp  Conj/Erth      70%        10d16     1%          8

Your spell library contained the following spells:

 Spells                   Type           Power      Damage    Failure   Level
 Chain Lightning          Conj/Air       54%        3d72      50%         9
 Foxfire                  Conj/Fire      100%       2x1d9     1%          1
 Kiss of Death            Conj/Necr      100%       2d13      1%          1
 Magic Dart               Conj           100%       1d8       1%          1
 Necrotise                Necr           100%       1d9       1%          1
 Sandblast                Erth           100%       2d20      1%          1
 Shock                    Conj/Air       100%       1d9       1%          1
 Slow                     Hex            100%       N/A       1%          1
 Sting                    Tmut/Pois      100%       1d8       1%          1
 Summon Small Mammal      Summ           100%       N/A       1%          1
 Blink                    Tloc           92%        N/A       1%          2
 Call Imp                 Summ           100%       N/A       1%          2
 Ensorcelled Hibernation  Hex/Ice        92%        N/A       1%          2
 Jinxbite                 Hex            92%        N/A       1%          2
 Lesser Beckoning         Tloc           92%        N/A       1%          2
 Momentum Strike          Conj/Tloc      100%       3d10      1%          2
 Passwall                 Tmut/Erth      90%        N/A       1%          2
 Poisonous Vapours        Pois/Air       92%        N/A       1%          2
 Scorch                   Fire           100%       2d9       1%          2
 Searing Ray              Conj           100%       2d8       1%          2
 Static Discharge         Conj/Air       100%       2-7/arc   1%          2
 Wereblood                Tmut           52%        N/A       1%          2
 Call Canine Familiar     Summ           95%        N/A       1%          3
 Dazzling Flash           Conj/Hex       100%       N/A       1%          3
 Frozen Ramparts          Ice            92%        1d14      1%          3
 Hailstorm                Conj/Ice       100%       3d20      1%          3
 Ignite Poison            Fire/Tmut/Pois 100%       N/A       1%          3
 Inner Flame              Hex/Fire       100%       N/A       1%          3
 Mephitic Cloud           Conj/Pois/Air  93%        N/A       1%          3
 Stone Arrow              Conj/Erth      100%       3d13      1%          3
 Summon Guardian Golem    Hex/Summ       74%        N/A       1%          3
 Vampiric Draining        Necr           100%       2d13      1%          3
 Volatile Blastmotes      Fire/Tloc      100%       2d18      1%          3
 Anguish                  Hex/Necr       39%        N/A       1%          4
 Animate Armour           Summ/Erth      100%       N/A       1%          4
 Animate Dead             Necr           100%       N/A       1%          4
 Brom's Barrelling Bould  Conj/Erth      100%       2d11      1%          4
 Dispel Undead            Necr           100%       3d31      1%          4
 Flame Wave               Conj/Fire      100%       2d21      1%          4
 Fulminant Prism          Conj/Hex       54%        3d22      1%          4
 Iskenderun's Mystic Bla  Conj/Tloc      100%       2d19      1%          4
 Petrify                  Tmut/Erth      100%       N/A       1%          4
 Sticky Flame             Conj/Fire      100%       2d11      1%          4
 Summon Ice Beast         Ice/Summ       74%        N/A       1%          4
 Summon Lightning Spire   Summ/Air       74%        N/A       1%          4
 Agony                    Necr           100%       N/A       1%          5
 Arcjolt                  Conj/Air       54%        1d64      1%          5
 Fireball                 Conj/Fire      80%        3d30      1%          5
 Freezing Cloud           Conj/Ice/Air   46%        6-21      1%          5
 Irradiate                Conj/Tmut      54%        3d29      1%          5
 Iskenderun's Battlesphe  Conj           100%       2d15      1%          5
 Lee's Rapid Deconstruct  Erth           70%        3d32*     1%          5
 Conjure Ball Lightning   Conj/Air       54%        3x3d20    1%          6
 Death Channel            Necr           51%        N/A       1%          6
 Plasma Beam              Fire/Air       60%        2x1d76    1%          6
 Starburst                Conj/Fire      80%        6d20      1%          6
 Orb of Destruction       Conj           70%        9d16      1%          7
 Ignition                 Fire           76%        3d20      1%          8
 Confusing Touch          Hex            46%        N/A       2%          3
 Gell's Gravitas          Tloc           46%        N/A       2%          3
 Ozocubu's Armour         Ice            46%        N/A       2%          3
 Sigil of Binding         Hex            46%        N/A       2%          3
 Swiftness                Air            46%        N/A       2%          3
 Teleport Other           Tloc           46%        N/A       2%          3
 Tukima's Dance           Hex            46%        N/A       2%          3
 Airstrike                Air            23%        2d(4-20)  2%          4
 Olgreb's Toxic Radiance  Pois           46%        N/A       2%          4
 Summon Cactus Giant      Summ           47%        N/A       2%          6
 Summon Forest            Summ/Tloc      37%        N/A       3%          5
 Summon Mana Viper        Hex/Summ       74%        N/A       3%          5
 Yara's Violent Unravell  Hex/Tmut       24%        3d11      5%          5
 Cause Fear               Hex            23%        N/A       9%          4
 Dimensional Bullseye     Hex/Tloc       23%        N/A       9%          4
 Manifold Assault         Tloc           46%        N/A       9%          4
 Passage of Golubria      Tloc           46%        N/A       9%          4
 Vhi's Electric Charge    Tloc/Air       92%        N/A       9%          4
 Haunt                    Necr/Summ      49%        N/A       9%          7
 Simulacrum               Ice/Necr       39%        N/A       12%         6
 Monstrous Menagerie      Summ           47%        N/A       13%         7
 Summon Hydra             Summ           47%        N/A       13%         7
 Alistair's Intoxication  Tmut/Pois      32%        N/A       17%         5
 Metabolic Englaciation   Hex/Ice        23%        N/A       21%         5
 Silence                  Hex/Air        23%        N/A       21%         5
 Eringya's Noxious Bog    Tmut/Pois      24%        4d6       22%         6
 Borgnjor's Revivificati  Necr           51%        N/A       38%         8
 Infestation              Necr           51%        N/A       38%         8
 Malign Gateway           Summ/Tloc      37%        N/A       58%         7
 Summon Horrible Things   Summ           47%        N/A       63%         8
 Dispersal                Tloc           23%        N/A       67%         6
 Ozocubu's Refrigeration  Ice            23%        4d12      71%         7
 Enfeeble                 Hex            23%        N/A       99%         7
 Maxwell's Capacitive Co  Air            23%        ∞         99%         8
 Death's Door             Necr           51%        N/A       99%         9
 Discord                  Hex            23%        N/A       100%        8
 Disjunction              Tloc           23%        N/A       100%        8
 Polar Vortex             Ice            23%        12d3*     100%        9
 Cigotuvi's Dreadful Rot  Necr/Pois/Air  Unusable   N/A       N/A         2
 Sublimation of Blood     Necr           Unusable   N/A       N/A         2

Dungeon Overview and Level Annotations

Branches:
Dungeon (15/15)            Temple (1/1) D:5            Lair (5/5) D:11
  Swamp (4/4) Lair:3        Snake (4/4) Lair:2        Slime (0/5) Lair:5
    Orc (2/2) D:10            Elf (3/3) Orc:2        Vaults (5/5) D:13
  Crypt (3/3) Vaults:2       Tomb (0/3) Crypt:3      Depths (4/4) D:15
    Zot (5/5) Depths:4    Ossuary (visited)           IceCv (visited)
Gauntlet (visited)

Altars:
Ashenzari
Cheibriados
Dithmenos
Elyvilon
Fedhas
Gozag
Hepliaklqana
Kikubaaqudgha
Makhleb
Nemelex Xobeh
Okawaru
Qazlal
Ru
Sif Muna
Trog
Uskayaw
Vehumet
Wu Jian
Xom
Yredelemnul
Zin
The Shining One
Jiyva

Shops:
D:2 [   D:7 [   Orc:2 ([=:   Elf:3 [   Snake:1 :=   Snake:2 :   Snake:3 ?
Vaults:4 =   Depths:1 :=:   Depths:4 *(:

Portals:
Hell: Depths:1 Depths:2 Depths:3 Depths:4
Abyss: Depths:2 Depths:3
Pandemonium: Depths:1 Depths:2 Depths:4

Annotations:
D:4 3 runed translucent doors, exclusion: ice beast, lastchild's ghost, novice OpSh
Lair:2 1 runed translucent door, MirrMurr's ghost, journeyman SpHu
Depths:4 exclusion: door


Innate Abilities, Weirdness & Mutations

You are immune to sickness and miasma.
Your stone body is resilient. (AC +20)
You are immune to poison.
Your large and strong wings let you fly.
You resist negative energy. (rN+)
You are resistant to electric shocks. (rElec)
You are resistant to unholy torment.
You are immune to petrification.
You are partially covered in iridescent scales. (AC +2)
Your magical capacity is very low. (-20% MP)
Your spells are a little harder to cast, but a little more powerful.


Message History

Unknown command.
Unknown command.
Unknown command.
You take 76 damage, and have 1/197 hp.
MASSIVE DAMAGE!!
PANIC x14: Hell Sentinel (resistant), cacodemon (strong, ally target), Hell Sentinel (fast, ally target), hellion (fast), Brimstone Fiend (fast, distracted, ally target), demonspawn warmonger (fast), demonspawn blood saint (strong), Hell Sentinel (agile), balrug (fast), cacodemon (fast, ally target), Hell Sentinel (fast), cacodemon (resistant), Ice Fiend (strong) x2!
Unknown command.
Lua error: [string "/dgldir/rcfiles/crawl-git/Mgcat.rc"]:930: invalid capture index Unknown command.
Lua error: [string "/dgldir/rcfiles/crawl-git/Mgcat.rc"]:930: invalid capture index Unknown command.
Lua error: [string "/dgldir/rcfiles/crawl-git/Mgcat.rc"]:930: invalid capture index Unknown command.
PANIC x14: Hell Sentinel (resistant), cacodemon (strong, ally target), Hell Sentinel (fast, ally target), hellion (fast), Brimstone Fiend (fast, distracted, ally target), demonspawn warmonger (fast), demonspawn blood saint (strong), Hell Sentinel (agile), balrug (fast), cacodemon (fast, ally target), Hell Sentinel (fast), cacodemon (resistant), Ice Fiend (strong) x2!
Unknown command.
Lua error: [string "/dgldir/rcfiles/crawl-git/Mgcat.rc"]:930: invalid capture index Unknown command.
Lua error: [string "/dgldir/rcfiles/crawl-git/Mgcat.rc"]:930: invalid capture index Unknown command.
Lua error: [string "/dgldir/rcfiles/crawl-git/Mgcat.rc"]:930: invalid capture index Unknown command.
PANIC x14: Hell Sentinel (resistant), cacodemon (strong, ally target), Hell Sentinel (fast, ally target), hellion (fast), Brimstone Fiend (fast, distracted, ally target), demonspawn warmonger (fast), demonspawn blood saint (strong), Hell Sentinel (agile), balrug (fast), cacodemon (fast, ally target), Hell Sentinel (fast), cacodemon (resistant), Ice Fiend (strong) x2!
Unknown command.
Lua error: [string "/dgldir/rcfiles/crawl-git/Mgcat.rc"]:930: invalid capture index Unknown command.
Lua error: [string "/dgldir/rcfiles/crawl-git/Mgcat.rc"]:930: invalid capture index Unknown command.
Lua error: [string "/dgldir/rcfiles/crawl-git/Mgcat.rc"]:930: invalid capture index Unknown command.
PANIC x14: Hell Sentinel (resistant), cacodemon (strong, ally target), Hell Sentinel (fast, ally target), hellion (fast), Brimstone Fiend (fast, distracted, ally target), demonspawn warmonger (fast), demonspawn blood saint (strong), Hell Sentinel (agile), balrug (fast), cacodemon (fast, ally target), Hell Sentinel (fast), cacodemon (resistant), Ice Fiend (strong) x2!
Unknown command.
Lua error: [string "/dgldir/rcfiles/crawl-git/Mgcat.rc"]:930: invalid capture index Unknown command.
Lua error: [string "/dgldir/rcfiles/crawl-git/Mgcat.rc"]:930: invalid capture index Unknown command.
Lua error: [string "/dgldir/rcfiles/crawl-git/Mgcat.rc"]:930: invalid capture index Unknown command.
PANIC x14: Hell Sentinel (resistant), cacodemon (strong, ally target), Hell Sentinel (fast, ally target), hellion (fast), Brimstone Fiend (fast, distracted, ally target), demonspawn warmonger (fast), demonspawn blood saint (strong), Hell Sentinel (agile), balrug (fast), cacodemon (fast, ally target), Hell Sentinel (fast), cacodemon (resistant), Ice Fiend (strong) x2!
Unknown command.
Lua error: [string "/dgldir/rcfiles/crawl-git/Mgcat.rc"]:930: invalid capture index Unknown command.
Lua error: [string "/dgldir/rcfiles/crawl-git/Mgcat.rc"]:930: invalid capture index
Okay, then.
Lua error: [string "/dgldir/rcfiles/crawl-git/Mgcat.rc"]:930: invalid capture index Unknown command.
PANIC x14: Hell Sentinel (resistant), cacodemon (strong, ally target), Hell Sentinel (fast, ally target), hellion (fast), Brimstone Fiend (fast, distracted, ally target), demonspawn warmonger (fast), demonspawn blood saint (strong), Hell Sentinel (agile), balrug (fast), cacodemon (fast, ally target), Hell Sentinel (fast), cacodemon (resistant), Ice Fiend (strong) x2!
Okay, then.
Lua error: [string "/dgldir/rcfiles/crawl-git/Mgcat.rc"]:930: invalid capture index Unknown command.
Lua error: [string "/dgldir/rcfiles/crawl-git/Mgcat.rc"]:930: invalid capture index Unknown command.
Lua error: [string "/dgldir/rcfiles/crawl-git/Mgcat.rc"]:930: invalid capture index Unknown command.
PANIC x14: Hell Sentinel (resistant), cacodemon (strong, ally target), Hell Sentinel (fast, ally target), hellion (fast), Brimstone Fiend (fast, distracted, ally target), demonspawn warmonger (fast), demonspawn blood saint (strong), Hell Sentinel (agile), balrug (fast), cacodemon (fast, ally target), Hell Sentinel (fast), cacodemon (resistant), Ice Fiend (strong) x2!
Okay, then.
Lua error: [string "/dgldir/rcfiles/crawl-git/Mgcat.rc"]:930: invalid capture index Unknown command.
Lua error: [string "/dgldir/rcfiles/crawl-git/Mgcat.rc"]:930: invalid capture index Unknown command.
Lua error: [string "/dgldir/rcfiles/crawl-git/Mgcat.rc"]:930: invalid capture index PANIC x14: Hell Sentinel (resistant), cacodemon (strong, ally target), Hell Sentinel (fast, ally target), hellion (fast), Brimstone Fiend (fast, distracted, ally target), demonspawn warmonger (fast), demonspawn blood saint (strong), Hell Sentinel (agile), balrug (fast), cacodemon (fast, ally target), Hell Sentinel (fast), cacodemon (resistant), Ice Fiend (strong) x2!
Unknown command.
Lua error: [string "/dgldir/rcfiles/crawl-git/Mgcat.rc"]:930: invalid capture index Lua error: [string "/dgldir/rcfiles/crawl-git/Mgcat.rc"]:930: invalid capture index You feel much better.
Your sixfirhy is engulfed in blazing flames.
Your sixfirhy barely misses the cacodemon.
Your sixfirhy is engulfed in blazing flames.
Your sixfirhy barely misses the cacodemon.
Your sixfirhy is engulfed in blazing flames.
Your sixfirhy hits the cacodemon but does no damage.
The Hell Sentinel gestures at you.
The sphere of damnation explodes!
The damnation engulfs your balrug!!
Your balrug dies!
Your balrug disappears in a puff of smoke!
The damnation engulfs your Tzitzimitl!! The damnation engulfs your sun demon!!!
Your sun demon dies!
Your sun demon disappears in a puff of smoke!
The damnation engulfs the Hell Sentinel.
The Hell Sentinel completely resists.
The damnation engulfs the Brimstone Fiend.
The Brimstone Fiend completely resists.
The damnation engulfs your reaper!! The damnation engulfs your sun demon!!!
Your sun demon dies!
Your sun demon disappears in a puff of smoke!
The demonspawn warmonger is engulfed in poison gas.
The demonspawn warmonger is poisoned.
The Hell Sentinel completely misses your sixfirhy.
The Hell Sentinel misses your sixfirhy.
Your demonspawn warmonger blocks the Brimstone Fiend's attack.
The Brimstone Fiend hits your demonspawn warmonger. x2
The cacodemon is engulfed in a thunderstorm.
The cacodemon gestures at you.
The bolt of energy hits your sixfirhy!!!
Your sixfirhy is blown up!
Your sixfirhy dissolves into shadows!
The bolt of energy hits you!
* * * LOW HITPOINT WARNING * * *
The hellion gestures at you.
The sphere of damnation explodes!
The damnation engulfs you!!
You die...

▓... ▓▓.≈§≈....
▓▓..≈.≈....
▓▓.6.§≈≈....
▓▓..2........
▓▓62§§§1§.....
▓▓11§.§12§.....
▓▓@2§126§6§☼....
▓§§§2§§211....1.
▓▓§22..1§§......
▓▓33....§...1..
▓▓........2...
▓▓....1......
▓▓...≈≈≈....
▓▓..≈§≈....
▓▓§≈§≈....


You could see 4 Hell Sentinels, a demonspawn warmonger (fast, poisoned), a
Brimstone Fiend (fast, distracted, ally target), 2 Ice Fiends, 3 cacodemons, a
demonspawn blood saint (strong), a balrug (fast), a hellion (fast), a friendly
demonspawn warmonger (summoned), a friendly Tzitzimitl (summoned), a friendly
cacodemon (summoned), a friendly demonspawn black sun (summoned), a friendly
hell beast (summoned), a friendly reaper (summoned) and a friendly blizzard
demon (summoned).

Vanquished Creatures
  8 dread liches
  Tiamat (Zot:1)
  6 ancient liches
  3 pandemonium lords
  4 orbs of fire
  A juggernaut (Depths:4)
  2 royal mummies
  3 Killer Klowns
  Vashnia (Snake:2)
  2 curse toes (Zot:1)
  A caustic shrike (Depths:3)
  the Enchantress (Depths:1)
  18 golden dragons
  3 profane servitors
  Nikola (Swamp:1)
  3 pearl dragons
  6 bone dragons
  5 electric golems
  A Tzitzimitl (Zig:18)
  4 Brimstone Fiends
  15 tentacled monstrosities
  7 Hell Sentinels
  4 hellephants
  18 Orb Guardians (Zot:5)
  Jorgrun (Snake:2)
  4 liches
  4 Ice Fiends
  9 titans
  3 deep elf blademasters
  10 deep elf master archers
  12 quicksilver dragons
  A searing wretch (Zig:9)
  17 acid blobs
  5 sphinxes
  5 death cobs
  A walking divine tome (Depths:3)
  A thorn hunter (Swamp:3)
  3 tentacled starspawn (Zig:21)
  8 Executioners
  6 ancient champions
  2 tengu reavers
  Kirke (Swamp:1)
  The ghost of kae the Jinx, an adept DsEn of Dithmenos (Swamp:3)
  18 storm dragons
  3 daevas (Zig:8)
  A nagaraja (Snake:4)
  7 draconian monks
  10 fire giants
  2 fenstrider witches
  3 revenants
  5 draconian knights
  12 shadow dragons
  7 rockslimes
  8 demonspawn warmongers
  5 azure jellies
  Donald (Swamp:1)
  Aizul (Snake:2)
  5 balrugs
  9 deep elf sorcerers
  9 vault wardens
  The ghost of Vorhees the Brawler, a journeyman TrCK of Xom (Lair:5)
  7 iron dragons
  6 curse skulls
  9 frost giants
  3 draconian shifters (Zot:1)
  2 ghost moths
  8 draconian scorchers
  3 deep elf elementalists
  3 cacodemons
  2 ghouls (Crypt:2)
  8 orc warlords
  3 draconian stormcallers
  The ghost of Zenatt the Brawler, a journeyman TrFi of Ashenzari (Lair:4)
  5 demonspawn corrupters
  An angel (Zig:8)
  8 reapers
  8 quicksilver oozes
  2 draconian annihilators
  An ophan (Zig:8)
  13 ironbound preservers
  9 demonspawn blood saints
  6 spriggan defenders
  7 war gargoyles
  An apis (Zig:8)
  4 ironbound thunderhulks
  8 very ugly things
  2 formless jellyfish
  A juggernaut skeleton (Crypt:3)
  4 eleionomae
  7 dire elephants
  10 green draconians
  4 deep elf demonologists
  31 stone giants
  4 deep elf annihilators
  Azrael (D:13)
  8 black draconians
  6 vampire knights
  2 demonspawn black suns
  5 bunyips
  9 spark wasps
  3 lorocyprocas
  10 yellow draconians
  4 purple draconians
  9 white draconians
  A minotaur (Gauntlet)
  10 red draconians
  10 merfolk javelineers
  4 fire dragons
  Josephine (Swamp:1)
  Snorg (Lair:3)
  8 deep elf death magi
  11 eidola
  2 mummy priests (Zig:3)
  A crystal guardian (Vaults:2)
  16 jiangshi
  10 ettins
  5 blizzard demons
  26 green deaths
  2 merfolk impalers
  6 shambling mangroves
  37 vault guards
  4 deep elf high priests
  22 yaktaur captains
  4 great orbs of eyes
  An ice dragon (shapeshifter) (Depths:1)
  Harold (D:9)
  Erolcha (Orc:1)
  An entropy weaver (Vaults:4)
  9 hell beasts
  A hydra (shapeshifter) (Vaults:5)
  2 peacekeepers
  21 hydras
  6 catoblepae
  A spectral sphinx (Vaults:3)
  5 ice dragons
  6 ogre magi
  4 ghost crabs
  2 rakshasas
  4 death knights (Crypt:1)
  6 alligators
  A salamander tyrant (Snake:4)
  4 ironbound frosthearts
  Erica (D:8)
  A spectral stone giant (Vaults:3)
  3 merfolk aquamancers (Zig:10)
  19 dancing weapons
  9 spriggan air magi
  7 anacondas
  6 boulder beetles
  7 satyrs
  A hell hog (Zig:18)
  28 two-headed ogres
  19 centaur warriors
  5 tengu warriors
  A demonic crawler (Zig:27)
  6 deep troll shamans
  4 death yaks (Lair:5)
  A death scarab (Zig:4)
  A titan zombie (Depths:3)
  6 naga warriors
  13 vampire magi
  6 deep troll earth magi
  12 thrashing horrors
  21 naga sharpshooters
  19 orc high priests
  4 spriggan berserkers
  2 titan skeletons (Crypt:2)
  2 soul eaters
  10 shock serpents
  Urug (D:11)
  12 deep elf knights
  13 hell knights
  6 wretched stars
  9 shadow wraiths
  5 salamander mystics
  3 skysharks
  A sun demon (Zig:16)
  13 iron trolls
  2 sixfirhies (Zig:27)
  Lodul (D:13)
  2 spark wasp zombies
  3 cherubim
  29 skeletal warriors
  13 death drakes
  2 goliath frogs (Swamp:3)
  A sea snake (Zig:10)
  2 spatial maelstroms (Zig:21)
  A glowing orange brain (shapeshifter) (Vaults:5)
  2 glowing orange brains
  A golden dragon zombie (Crypt:1)
  28 deep trolls
  10 bog bodies
  3 bunyip zombies
  14 swamp dragons
  18 flayed ghosts
  An orange crystal statue (Zig:26)
  5 arcanists
  An obsidian statue (Zig:26)
  An orb spider (shapeshifter) (Vaults:5)
  4 spriggan druids
  24 phantasmal warriors
  A bunyip skeleton (Swamp:2)
  4 spriggan simulacra
  27 deep elf zephyrmancers
  6 deep elf archers
  2 naga ritualists
  13 ironbound convokers
  8 lindwurms
  4 harpies
  32 deep elf pyromancers
  A fenstrider witch simulacrum (Swamp:3)
  10 orc knights
  A lindwurm (shapeshifter) (Vaults:5)
  A jorogumo zombie (Crypt:2)
  3 necromancers
  A mana viper (shapeshifter) (Zig:12)
  14 starcursed masses
  27 ugly things
  A wolf spider (shapeshifter) (Zig:12)
  13 manticores
  12 orc sorcerers
  8 fauns
  15 shining eyes
  13 mana vipers
  4 will-o-the-wisps
  13 cyclopes
  Maurice (D:11)
  An alligator skeleton (Crypt:2)
  9 salamanders
  11 elephants
  28 moths of wrath
  2 worldbinders (Zig:21)
  18 black mambas
  5 ice statues
  8 naga magi
  2 water nymphs (Zig:10)
  Joseph (D:7)
  10 large abominations
  A merfolk siren (Zig:10)
  A formless jellyfish zombie (Crypt:1)
  15 smoke demons
  14 vault sentinels
  2 guardian serpents
  5 orange demons
  A torpor snail (Lair:4)
  4 eyes of devastation
  2 centaur skeletons
  Jeremiah (D:8)
  10 cane toads
  7 gargoyles
  A dire elephant skeleton (Crypt:3)
  3 unseen horrors
  2 efreet
  14 rime drakes
  5 hellions
  24 yaktaurs
  2 freezing wraiths (Crypt:1)
  A kobold demonologist (D:12)
  12 komodo dragons
  A bunyip simulacrum (Swamp:3)
  5 tormentors
  4 tengu conjurers
  5 bloated husks
  11 guardian mummies
  2 ice devils (Gauntlet)
  The ghost of Reshi88 the Covered, an amateur MiFi of Qazlal (D:7)
  3 wind drakes
  8 merfolk (Zig:10)
  7 red devils
  2 hellwings
  A queen bee (shapeshifter) (Vaults:5)
  22 trolls
  8 ancient zymes (Zig:21)
  25 hornets
  A queen bee (D:10)
  A wind drake (shapeshifter) (D:15)
  22 blink frogs
  A shadow dragon simulacrum (Vaults:3)
  A wolf spider simulacrum (D:14)
  A spriggan zombie (Zig:5)
  7 tyrant leeches
  A harpy skeleton (Crypt:3)
  A jumping spider zombie (Crypt:2)
  3 raiju
  A meliai zombie (Crypt:2)
  A raiju (shapeshifter) (Elf:3)
  2 spectral humans (Vaults:3)
  4 human simulacra (Vaults:3)
  A snapping turtle (Zig:10)
  8 flying skulls
  30 slime creatures
  A centaur simulacrum (D:14)
  Sigmund (D:6)
  16 spriggans
  4 shadows
  A culicivora (shapeshifter) (Depths:4)
  2 ushabtiu
  8 air elementals
  4 vampires
  10 water elementals
  17 wraiths
  3 ynoxinuls
  38 yaks
  3 wyverns (Lair:2)
  8 basilisks
  3 fire bats (Lair:4)
  5 neqoxecs
  4 golden eyes
  4 hogs (Swamp:1)
  Grum (D:8)
  22 vampire mosquitoes
  12 steam dragons
  25 fire elementals
  2 redbacks (Vaults:5)
  A chaos spawn (Zig:18)
  2 death yak simulacra (IceCv)
  A yaktaur simulacrum (Vaults:3)
  Edmund (D:6)
  An elf simulacrum (Vaults:3)
  23 nagas
  7 wargs
  6 acid dragons
  14 swamp worms
  A hydra simulacrum (Swamp:3)
  13 water moccasins
  A water nymph zombie (Crypt:1)
  2 floating eyes
  3 hell hounds (D:13)
  A two-headed ogre skeleton (Crypt:3)
  A naga skeleton (Crypt:3)
  84 orc warriors
  9 swamp drakes
  A black bear (shapeshifter) (D:15)
  An ice beast (D:6)
  5 black bears
  7 boggarts
  64 ogres
  3 wolves (D:8)
  13 centaurs
  A swamp dragon skeleton (Swamp:2)
  A phantom (D:5)
  6 kobold brigands
  4 earth elementals
  16 bullfrogs
  A gnoll sergeant (Zig:23)
  An elf skeleton (Crypt:1)
  2 scorpions
  A cane toad simulacrum (IceCv)
  4 wights (D:10)
  A salamander skeleton (Crypt:1)
  26 killer bees
  An elephant simulacrum (Lair:1)
  5 howler monkeys
  A lava snake (Lair:4)
  3 hounds
  A jelly (D:8)
  17 orc priests
  4 gnoll boudas
  A bullfrog skeleton (Crypt:1)
  2 iguanas
  2 sleepcaps
  19 orc wizards
  Terence (D:3)
  A polar bear simulacrum (IceCv)
  A wolf simulacrum (IceCv)
  34 mummies
  10 gnolls
  A howler monkey skeleton (Crypt:1)
  3 adders
  4 white imps
  2 ufetubi
  A worm (D:2)
  5 dart slugs
  65 orcs
  4 ball pythons
  4 endoplasms
  A giant cockroach (D:4)
  6 hobgoblins
  15 kobolds
  A quokka (D:2)
  7 bats
  3 frilled lizards (D:1)
  5 gnoll skeletons (Ossuary)
  7 goblins
  A kobold skeleton (Ossuary)
  2 orc skeletons (Ossuary)
  4 rats
  11 rat skeletons (Ossuary)
  A fire vortex (Zig:21)
2696 creatures vanquished.

Vanquished Creatures (collateral kills)
  2 dread liches
  2 ancient liches
  An orb of fire (Zot:5)
  Mennas (Vaults:3)
  A curse toe (Zot:4)
  6 golden dragons
  4 bone dragons
  A Brimstone Fiend (Zig:27)
  An electric golem (Zig:19)
  7 Orb Guardians
  A Hell Sentinel (Zig:18)
  3 tentacled monstrosities
  2 liches (Zig:24)
  The ghost of Aceje Mir the Tortoise, an adept AtMo of Okawaru (Vaults:3)
  5 titans
  2 sphinxes
  3 quicksilver dragons
  3 acid blobs
  A searing wretch (Zig:9)
  An ancient champion (Zig:24)
  A death cob (Zot:4)
  3 tengu reavers
  6 storm dragons
  A draconian monk (Zot:5)
  2 rockslimes (Zig:25)
  3 shadow dragons
  4 fire giants
  A revenant (Zig:24)
  4 nagarajas (Snake:4)
  4 frost giants
  An iron dragon (Zot:1)
  2 balrugs
  A draconian knight (Depths:4)
  5 vault wardens
  A deep elf sorcerer (Elf:3)
  A curse skull (Zig:24)
  An orc warlord (Zig:23)
  A deep elf elementalist (Elf:3)
  3 formless jellyfish
  A reaper (Zig:18)
  4 very ugly things
  A spriggan defender (Depths:3)
  A draconian annihilator (Depths:4)
  8 ironbound preservers
  3 ironbound thunderhulks
  An eleionoma (Zig:26)
  2 red draconians
  A stone giant (Zig:11)
  A demonspawn black sun (Zig:13)
  A black draconian (Zot:2)
  A bunyip (Zig:26)
  4 yellow draconians
  5 dire elephants (Vaults:3)
  3 white draconians
  2 deep elf annihilators
  4 spark wasps (Depths:1)
  4 purple draconians
  A deep elf death mage (Vaults:5)
  An eidolon (Crypt:1)
  3 ettins
  A merfolk javelineer (Zig:22)
  2 green deaths
  3 shambling mangroves (Zig:26)
  2 entropy weavers
  A jiangshi (Depths:2)
  A fire dragon (Zig:17)
  7 great orbs of eyes
  A rakshasa (Depths:1)
  A salamander tyrant (Snake:4)
  A spriggan zombie (Crypt:1)
  7 ice dragons
  8 yaktaur captains
  7 hydras (Swamp:4)
  A peacekeeper (Vaults:2)
  9 ironbound frosthearts
  A spriggan air mage (Depths:2)
  An anaconda (shapeshifter) (Zig:12)
  A boulder beetle (Vaults:3)
  4 anacondas (Snake:4)
  2 centaur warriors
  10 dancing weapons
  2 two-headed ogres
  5 naga warriors (Snake:4)
  A deep troll earth mage (Depths:1)
  7 naga sharpshooters (Snake:4)
  6 tengu warriors
  A vampire mage (Depths:2)
  A titan zombie (Crypt:1)
  4 deep elf knights
  2 hell knights (Crypt:3)
  A spriggan (Depths:2)
  An orc high priest (Zig:23)
  A soul eater (Crypt:2)
  4 iron trolls
  A wretched star (Zig:21)
  2 salamander mystics (Snake:4)
  A skeletal warrior (Crypt:2)
  A flayed ghost (Crypt:3)
  A glowing orange brain (Depths:2)
  32 deep trolls
  A spriggan druid (Depths:4)
  2 arcanists
  7 ironbound convokers
  2 deep elf archers
  3 swamp dragons (Swamp:4)
  7 lindwurms
  4 naga ritualists (Snake:4)
  4 phantasmal warriors
  3 bog bodies
  3 necromancers
  2 orc knights (Zig:23)
  3 harpies
  5 deep elf zephyrmancers (Elf:1)
  10 ugly things
  An iron dragon zombie (Depths:3)
  9 deep elf pyromancers
  A stone giant zombie (Vaults:1)
  A shadow dragon skeleton (Depths:3)
  A will-o-the-wisp (Swamp:4)
  4 salamanders (Snake:4)
  6 vault sentinels
  A stone giant skeleton (Crypt:1)
  4 moths of wrath
  4 guardian serpents (Snake:4)
  A black mamba (Snake:4)
  An iron dragon skeleton (Crypt:3)
  4 naga magi (Snake:4)
  2 orange demons (Swamp:4)
  13 yaktaurs
  A freezing wraith (Crypt:2)
  A human zombie (Vaults:1)
  A tengu conjurer (Depths:3)
  A harpy zombie (Crypt:1)
  A polar bear (Depths:4)
  A red devil (Crypt:3)
  A hornet (Depths:2)
  A satyr zombie (Crypt:1)
  A boulder beetle zombie (Crypt:1)
  19 slime creatures
  A jumping spider (Vaults:3)
  A culicivora (shapeshifter) (Vaults:2)
  A flying skull (Crypt:2)
  A shadow (Swamp:4)
  A ynoxinul (Zig:13)
  4 water elementals (Depths:2)
  2 yaks (D:9)
  3 fire elementals
  2 wraiths (Crypt:3)
  2 redbacks (Vaults:3)
  A swamp worm (Swamp:4)
  An ogre zombie (Vaults:1)
  8 nagas (Snake:4)
  An orc warrior (Zig:20)
  An ogre (Zig:23)
  A boggart (Vaults:1)
  A wolf (Depths:4)
  A starcursed mass (Zig:21)
  A yaktaur zombie (Crypt:2)
  A glowing shapeshifter simulacrum (Depths:3)
  2 earth elementals (Swamp:4)
  A wight (Crypt:3)
  18 boulders
483 creatures vanquished.

Vanquished Creatures (others)
  An Ice Fiend (Zig:27)
  A draconian knight (Zot:5)
  2 ghost crabs (Swamp:3)
  2 alligators (Swamp:1)
  2 death drakes
  5 bloated husks
  A human (Swamp:1)
  A vampire mosquito (Swamp:1)
  24 boulders
  463 fire vortices
  13 foxfires
  4 starspawn tentacles (Zig:21)
519 creatures vanquished.

Grand Total: 3698 creatures vanquished

Notes
Turn   | Place    | Note
-------+----------+-------------------------------------------
     0 | D:1      | Mgcat the Gargoyle Earth Elementalist began the quest for
                  | the Orb.
     0 | D:1      | Reached XP level 1. HP: 10/10 MP: 3/3
   262 | D:1      | Reached XP level 2. HP: 15/15 MP: 1/5
   375 | D:1      | Reached skill level 4 in Earth Magic
   946 | D:2      | Reached skill level 3 in Stealth
   946 | D:2      | Reached XP level 3. HP: 19/19 MP: 3/6
  1225 | D:2      | Learned a level 3 spell: Stone Arrow
  1581 | D:3      | Noticed an ogre
  1585 | D:3      | Killed an ogre
  1586 | D:3      | Reached skill level 1 in Conjurations
  1586 | D:3      | Reached XP level 4. HP: 24/24 MP: 6/8
  1586 | D:3      | Reached XP level 5. HP: 28/28 MP: 6/9
  1647 | D:3      | Noticed Terence
  1650 | D:3      | Killed Terence
  1651 | D:3      | Reached skill level 3 in Spellcasting
  1689 | D:3      | Learned a level 4 spell: Brom's Barrelling Boulder
  1852 | D:3      | Found an ancient bone altar of Kikubaaqudgha.
  2172 | D:2      | Reached skill level 4 in Stealth
  2172 | D:2      | Reached skill level 2 in Conjurations
  2172 | D:2      | Reached skill level 5 in Earth Magic
  2179 | D:2      | Reached XP level 6. HP: 15/32 MP: 5/11
  2305 | D:2      | Found Nasih's Antique Armour Shoppe.
  2313 | D:2      | Bought a pair of gloves for 126 gold pieces
  2712 | D:4      | Noticed an ice beast
  2988 | D:4      | Found a runed translucent gate.
  3096 | D:4      | Reached skill level 3 in Conjurations
  3321 | D:4      | Found a runed translucent gate.
  3322 | D:4      | Found a runed translucent gate.
  3324 | D:4      | Noticed lastchild's ghost (novice OpSh)
  3544 | D:5      | Entered Level 5 of the Dungeon
  3558 | D:5      | Reached XP level 7. HP: 36/36 MP: 8/12
  3564 | D:5      | Learned a level 5 spell: Lee's Rapid Deconstruction
  3569 | D:5      | Reached skill level 5 in Stealth
  3569 | D:5      | Reached skill level 4 in Spellcasting
  3645 | D:5      | Reached skill level 6 in Earth Magic
  3665 | D:5      | Found a sand-covered staircase.
  3670 | Ossuary  | Entered an ossuary
  3811 | Ossuary  | Reached skill level 4 in Conjurations
  4291 | D:5      | Reached XP level 8. HP: 41/41 MP: 4/15
  4369 | D:5      | Reached skill level 5 in Spellcasting
  4369 | D:5      | Reached skill level 7 in Earth Magic
  4495 | D:5      | Reached skill level 5 in Conjurations
  4649 | D:5      | Found a white marble altar of Elyvilon.
  4654 | D:5      | Found a glowing golden altar of the Shining One.
  4656 | D:5      | Found a glowing silver altar of Zin.
  4684 | D:5      | Found a staircase to the Ecumenical Temple.
  4703 | Temple   | Entered the Ecumenical Temple
  4712 | Temple   | Became a worshipper of Vehumet
  4909 | D:6      | Noticed Edmund
  4914 | D:6      | Killed Edmund
  4917 | D:6      | Noticed a wraith
  5047 | D:6      | Reached skill level 6 in Conjurations
  5047 | D:6      | Reached skill level 8 in Earth Magic
  5049 | D:6      | Killed a wraith
  5050 | D:6      | Reached skill level 6 in Spellcasting
  5050 | D:6      | Reached XP level 9. HP: 43/45 MP: 6/18
  5357 | D:6      | Noticed Sigmund
  5363 | D:6      | Killed Sigmund
  5506 | D:6      | Found a broken altar of Ashenzari.
  5541 | D:6      | Found a snail-covered altar of Cheibriados.
  5542 | D:6      | Found a blossoming altar of Fedhas.
  5544 | D:6      | Found a shimmering blue altar of Sif Muna.
  5544 | D:6      | Found a stormy altar of Qazlal.
  5545 | D:6      | Found a bloodstained altar of Trog.
  5552 | D:6      | Found an iron altar of Okawaru.
  5849 | D:7      | Noticed a hornet
  5866 | D:7      | Reached * piety under Vehumet
  5866 | D:7      | Offered knowledge of Magic Dart by Vehumet.
  5887 | D:7      | Killed a hornet
  5888 | D:7      | Reached skill level 7 in Conjurations
  5888 | D:7      | Reached skill level 9 in Earth Magic
  5948 | D:7      | Found Zuppetre's Armour Emporium.
  5999 | D:7      | Gained mutation: You are frail. (-10% HP) [potion of
                  | mutation]
  5999 | D:7      | Gained mutation: You are partially covered in iridescent
                  | scales. (AC +2) [potion of mutation]
  6000 | D:7      | Lost mutation: You are partially covered in iridescent
                  | scales. (AC +2) [potion of mutation]
  6000 | D:7      | Lost mutation: You are frail. (-10% HP) [potion of
                  | mutation]
  6000 | D:7      | Gained mutation: You are dopey. (Int -2) [potion of
                  | mutation]
  6000 | D:7      | Gained mutation: Your spells are a little harder to cast,
                  | but a little more powerful. [potion of mutation]
  6012 | D:7      | Found a runed translucent door.
  6018 | D:7      | Noticed Reshi88's ghost (amateur MiFi)
  6220 | D:7      | Noticed Joseph
  6229 | D:7      | Killed Joseph
  6230 | D:7      | Reached skill level 7 in Spellcasting
  6840 | D:7      | Found a sparkling altar of Nemelex Xobeh.
  7101 | D:7      | Killed Reshi88's ghost
  7233 | D:8      | Reached skill level 8 in Conjurations
  7286 | D:8      | Reached skill level 10 in Earth Magic
  7286 | D:8      | Reached XP level 10. HP: 50/50 MP: 9/21
  7289 | D:8      | Noticed a two-headed ogre
  7307 | D:8      | Killed a two-headed ogre
  7523 | D:8      | Noticed Grum
  7536 | D:8      | HP: 7/50 [Grum/+0 spear (11)]
  7691 | D:8      | Reached skill level 8 in Spellcasting
  7692 | D:8      | HP: 9/50 [Grum/+0 spear (12)]
  7694 | D:8      | HP: 2/50 [Grum/+0 spear (9)]
  7848 | D:8      | Killed Grum
  8191 | D:8      | Noticed Jeremiah
  8212 | D:8      | Killed Jeremiah
  8213 | D:8      | Reached skill level 9 in Conjurations
  8302 | D:8      | Reached skill level 1 in Fighting
  8361 | D:8      | Reached skill level 2 in Dodging
  8509 | D:8      | Noticed Erica
  8541 | D:8      | Killed Erica
  8542 | D:8      | Reached skill level 2 in Fighting
  8542 | D:8      | Reached skill level 11 in Earth Magic
  8822 | D:9      | Found a shadowy altar of Dithmenos.
  8886 | D:9      | Noticed a two-headed ogre
  8910 | D:9      | Killed a two-headed ogre
  9108 | D:9      | Reached skill level 3 in Fighting
  9108 | D:9      | Reached XP level 11. HP: 60/60 MP: 18/23
  9144 | D:9      | Reached skill level 3 in Dodging
  9211 | D:9      | Learned a level 8 spell: Ignition
  9260 | D:9      | Noticed a two-headed ogre
  9266 | D:9      | HP: 13/60 [yak (5)]
  9266 | D:9      | Killed a two-headed ogre
  9268 | D:9      | Reached ** piety under Vehumet
  9271 | D:9      | Offered knowledge of Momentum Strike by Vehumet.
  9487 | D:9      | Reached skill level 4 in Fighting
  9624 | D:9      | Noticed Harold
  9637 | D:9      | Killed Harold
  9638 | D:9      | Reached skill level 9 in Spellcasting
  9839 | D:9      | Found an ornate altar of the Wu Jian Council.
 10204 | D:10     | Entered Level 10 of the Dungeon
 10213 | D:9      | Reached skill level 10 in Conjurations
 10512 | D:10     | Reached skill level 4 in Dodging
 10913 | D:10     | Found a staircase to the Orcish Mines.
 10927 | D:10     | Reached skill level 12 in Earth Magic
 10927 | D:10     | Offered knowledge of Inner Flame by Vehumet.
 10929 | D:10     | Reached skill level 5 in Fighting
 11004 | D:10     | Reached *** piety under Vehumet
 11088 | D:10     | Identified 4 scrolls of acquirement
 11088 | D:10     | Identified the "Ikhapne" (You acquired it on level 10 of
                  | the Dungeon)
 11088 | D:10     | Acquired 342 gold pieces
 11225 | D:2      | Bought a pair of steaming boots for 266 gold pieces
 11225 | D:2      | Identified the +0 pair of boots "Tenit" {rPois Will++
                  | Regen+ MP+9} (You bought it in a shop on level 2 of the
                  | Dungeon)
 11272 | D:2      | Identified the "Teug" (You acquired it on level 2 of the
                  | Dungeon)
 11272 | D:2      | Acquired the +0 helmet "Jinliq" {rElec Will++ Str-5 Int+3}
 11282 | D:2      | Acquired 648 gold pieces
 11286 | D:2      | Acquired a staff of earth
 11462 | D:10     | Reached skill level 1 in Fire Magic
 11522 | D:10     | Offered knowledge of Iskenderun's Mystic Blast by Vehumet.
 11719 | Gauntlet | Identified the "Kuos"
 11720 | D:11     | Noticed a two-headed ogre
 11734 | D:11     | Found a gate leading to a gauntlet.
 11734 | D:11     | Noticed Maurice
 11740 | D:11     | Killed Maurice
 11741 | D:11     | Reached XP level 12. HP: 68/68 MP: 25/25
 11769 | Gauntlet | Entered a Gauntlet
 11769 | Gauntlet | Found a transporter.
 11769 | Gauntlet | Found a transporter.
 11773 | Gauntlet | Found a runed translucent door.
 11775 | Gauntlet | Found a transporter.
 11777 | Gauntlet | Found a transporter.
 11780 | Gauntlet | Found a runed translucent door.
 11807 | Gauntlet | Found a transporter.
 11807 | Gauntlet | Found a transporter.
 11809 | Gauntlet | Found a transporter.
 11809 | Gauntlet | Found a transporter.
 11810 | Gauntlet | Found a transporter.
 11812 | Gauntlet | Noticed a death scarab
 11813 | Gauntlet | Noticed a ghost crab
 11821 | Gauntlet | Found a transporter.
 11821 | Gauntlet | Noticed a blizzard demon
 11834 | Gauntlet | Noticed a death scarab
 11836 | Gauntlet | Found a runed translucent gate.
 11837 | Gauntlet | Found a transporter.
 11837 | Gauntlet | Found a runed translucent gate.
 11838 | Gauntlet | Found a runed translucent gate.
 11845 | Gauntlet | Found the +6 arbalest "Damnation" {damnation}
 11847 | Gauntlet | Found a transporter.
 11861 | Gauntlet | Found a transporter.
 11881 | Gauntlet | Found a transporter.
 11985 | Gauntlet | Killed a ghost crab
 11986 | Gauntlet | Reached skill level 2 in Fire Magic
 12043 | Gauntlet | Identified the +2 helmet of the Tundras {Str+5}
 12065 | Gauntlet | Killed a blizzard demon
 12067 | Gauntlet | Reached skill level 6 in Fighting
 12079 | Gauntlet | Identified the ring "Puffar" {rPois Dex+6}
 12083 | Gauntlet | Noticed a minotaur
 12085 | Gauntlet | Killed a minotaur
 12086 | Gauntlet | Reached skill level 5 in Dodging
 12179 | Gauntlet | Identified the +1 spear of Makhleb's Wrath {protect, Str+5}
 12289 | D:11     | Killed a two-headed ogre
 12424 | D:11     | Reached skill level 3 in Fire Magic
 12476 | D:11     | Found a staircase to the Lair.
 12484 | D:11     | Reached skill level 11 in Conjurations
 12525 | D:11     | Noticed a two-headed ogre
 12535 | D:11     | Killed a two-headed ogre
 12543 | D:11     | Noticed an ettin
 12546 | D:11     | Killed an ettin
 12557 | D:11     | Noticed a catoblepas
 12558 | D:11     | Reached skill level 10 in Spellcasting
 12690 | D:11     | Killed a catoblepas
 12802 | D:11     | Noticed a two-headed ogre
 12811 | D:11     | Killed a two-headed ogre
 12811 | D:11     | Reached **** piety under Vehumet
 12812 | D:11     | Reached skill level 7 in Fighting
 12812 | D:11     | Reached skill level 13 in Earth Magic
 12997 | D:11     | Noticed Urug
 13005 | D:11     | Killed Urug
 13006 | D:11     | Reached skill level 4 in Fire Magic
 13145 | D:11     | Noticed a fire dragon
 13160 | D:11     | Offered knowledge of Irradiate by Vehumet.
 13161 | D:11     | Killed a fire dragon
 13162 | D:11     | Reached XP level 13. HP: 61/76 MP: 14/27
 13166 | D:11     | Noticed a stone giant
 13169 | D:11     | Learned a level 6 spell: Starburst
 13171 | D:11     | Killed a stone giant
 13177 | D:11     | Reached skill level 6 in Dodging
 13472 | D:11     | Noticed an ettin
 13485 | D:11     | Killed an ettin
 13755 | D:11     | Noticed a fire giant
 13767 | D:11     | HP: 12/78 [deep troll earth mage (15)]
 13767 | D:11     | HP: 4/78 [deep troll earth mage (8)]
 13803 | D:11     | Reached skill level 5 in Fire Magic
 13933 | D:11     | Noticed an ettin
 13938 | D:11     | Killed an ettin
 14013 | D:11     | Reached skill level 8 in Fighting
 14167 | D:11     | Reached skill level 12 in Conjurations
 14404 | D:11     | Killed a fire giant
 14721 | Lair:1   | Entered Level 1 of the Lair of Beasts
 14731 | Lair:1   | Found a frozen archway.
 14740 | IceCv    | Entered an ice cave
 14759 | IceCv    | Found a transporter.
 14789 | IceCv    | Found a transporter.
 14918 | IceCv    | Reached ***** piety under Vehumet
 15050 | Lair:1   | Offered knowledge of Fulminant Prism by Vehumet.
 15133 | Lair:1   | Identified the +0 mace of the Unliving {drain, rElec rPois
                  | Int+4 Dex+3}
 16395 | Lair:2   | Reached skill level 11 in Spellcasting
 16395 | Lair:2   | Reached skill level 6 in Fire Magic
 16395 | Lair:2   | Reached skill level 14 in Earth Magic
 16395 | Lair:2   | Gained mutation: Your large and strong wings let you fly.
                  | [Gargoyle growth]
 16395 | Lair:2   | Reached XP level 14. HP: 84/84 MP: 26/29
 16397 | Lair:2   | Reached skill level 7 in Dodging
 16416 | Lair:2   | Reached skill level 9 in Fighting
 16551 | Lair:2   | Reached skill level 1 in Armour
 16860 | Lair:2   | Reached skill level 1 in Shields
 17070 | Lair:2   | Found a runed translucent door.
 17173 | Lair:2   | Found a staircase to the Snake Pit.
 17819 | Lair:2   | Noticed MirrMurr's ghost (journeyman SpHu)
 17891 | Lair:3   | Found a hide-covered altar of Uskayaw.
 17969 | Lair:3   | Noticed Snorg
 17975 | Lair:3   | Killed Snorg
 17976 | Lair:3   | Reached skill level 2 in Armour
 18415 | Lair:3   | Reached skill level 2 in Shields
 18690 | Lair:3   | Found a staircase to the Swamp.
 19109 | Lair:4   | Noticed Zenatt's ghost (journeyman TrFi)
 19123 | Lair:4   | Found a bloodstained altar of Trog.
 19130 | Lair:4   | Found a transporter.
 19165 | Lair:4   | Found a transporter.
 19188 | Lair:4   | Reached skill level 3 in Armour
 19198 | Lair:4   | Offered knowledge of Spellforged Servitor by Vehumet.
 19211 | Lair:4   | Learned a level 7 spell: Spellforged Servitor
 19490 | Lair:4   | Reached skill level 7 in Fire Magic
 19557 | Lair:4   | Reached skill level 3 in Shields
 19982 | Lair:5   | Entered Level 5 of the Lair of Beasts
 19982 | Lair:5   | Found a transporter.
 20030 | Lair:5   | Reached skill level 13 in Conjurations
 20169 | Lair:5   | Found a viscous altar of Jiyva.
 20170 | Lair:5   | Found a staircase to the Slime Pits.
 20461 | Lair:5   | Reached XP level 15. HP: 40/92 MP: 5/30
 20614 | Lair:5   | Reached skill level 4 in Armour
 20645 | Lair:5   | Found a transporter.
 20675 | Lair:5   | Noticed Vorhees's ghost (journeyman TrCK)
 20962 | Lair:5   | Reached skill level 4 in Shields
 21211 | Lair:5   | Reached skill level 10 in Fighting
 21273 | Lair:5   | Reached skill level 8 in Dodging
 21494 | Lair:5   | Found the +8 Wrath of Trog {antimagic, *Rage Rampage}
 21831 | Orc:1    | Entered Level 1 of the Orcish Mines
 21872 | Orc:1    | Noticed Erolcha
 21889 | Orc:1    | Offered knowledge of Iskenderun's Battlesphere by Vehumet.
 21890 | Orc:1    | Killed Erolcha
 22042 | D:10     | Reached skill level 15 in Earth Magic
 22144 | Orc:1    | Found a bloodstained altar of Trog.
 22491 | Orc:2    | Entered Level 2 of the Orcish Mines
 22502 | Orc:2    | Found a staircase to the Elven Halls.
 23237 | Orc:2    | Gained mutation: Your magical capacity is low. (-10% MP) [a
                  | neqoxec]
 23239 | Orc:2    | Reached skill level 5 in Armour
 23492 | Orc:2    | Reached skill level 8 in Fire Magic
 23542 | Orc:2    | Reached skill level 12 in Spellcasting
 23646 | Orc:2    | Found Riplab's Jewellery Boutique.
 23646 | Orc:2    | Found Uplaokk's Antique Weapon Shoppe.
 23647 | Orc:2    | Found Ytoes's Book Emporium.
 23647 | Orc:2    | Found Laklijo's Armour Boutique.
 23711 | Orc:2    | Bought the ring of the Priest {rPois rF+ Int-3 Dex+4 SInv}
                  | for 529 gold pieces
 23881 | D:12     | Found a broken altar of Ashenzari.
 24019 | D:12     | Reached skill level 6 in Armour
 24189 | D:12     | Offered knowledge of Conjure Ball Lightning by Vehumet.
 24650 | D:12     | Reached XP level 16. HP: 99/99 MP: 28/28
 25371 | D:13     | Reached skill level 11 in Fighting
 25430 | D:13     | Found a gate to the Vaults.
 25435 | D:13     | Reached skill level 14 in Conjurations
 25848 | D:13     | Noticed Azrael
 25854 | D:13     | Killed Azrael
 26287 | D:14     | Noticed Lodul
 26304 | D:13     | Killed Lodul
 26449 | D:14     | Reached skill level 1 in Summonings
 26675 | D:14     | Reached skill level 9 in Fire Magic
 26676 | D:14     | Reached skill level 7 in Armour
 26678 | D:14     | Reached skill level 9 in Dodging
 27221 | D:14     | Found a shimmering altar of Xom.
 27221 | D:14     | Found a shimmering altar of Xom.
 27221 | D:14     | Found a shimmering altar of Xom.
 27221 | D:14     | Found a shimmering altar of Xom.
 27222 | D:14     | Found a shimmering altar of Xom.
 27222 | D:14     | Found a shimmering altar of Xom.
 27222 | D:14     | Found a shimmering altar of Xom.
 27224 | D:14     | Found a shimmering altar of Xom.
 27225 | D:14     | Found a shimmering altar of Xom.
 27363 | D:15     | Entered Level 15 of the Dungeon
 27523 | D:15     | Reached skill level 2 in Summonings
 27816 | D:15     | Reached skill level 16 in Earth Magic
 27903 | D:15     | Offered knowledge of Bombard by Vehumet.
 27911 | D:15     | Learned a level 6 spell: Bombard
 28050 | D:15     | Identified the +2 arbalest of the Shimmering Ass {heavy,
                  | Dex+4}
 28542 | Lair:4   | Killed Zenatt's ghost
 28953 | D:15     | Found a staircase to the Depths.
 29305 | D:15     | Learned a level 5 spell: Borgnjor's Vile Clutch
 29554 | Swamp:1  | Entered Level 1 of the Swamp
 29581 | Swamp:1  | Reached skill level 1 in Evocations
 29737 | Swamp:1  | Reached skill level 3 in Summonings
 29737 | Swamp:1  | Noticed Nikola
 29751 | Swamp:1  | Killed Nikola
 29751 | Swamp:1  | Noticed a fenstrider witch
 29752 | Swamp:1  | Reached skill level 1 in Necromancy
 29752 | Swamp:1  | Reached XP level 17. HP: 70/106 MP: 8/30
 30114 | Swamp:1  | Noticed Josephine
 30121 | Swamp:1  | Killed Josephine
 30122 | Swamp:1  | Reached skill level 12 in Fighting
 30134 | Swamp:1  | Reached skill level 2 in Evocations
 30144 | Swamp:1  | Noticed Donald
 30154 | Swamp:1  | Killed Donald
 30647 | Swamp:1  | Noticed Kirke
 30654 | Swamp:1  | Killed Kirke
 30655 | Swamp:1  | Reached skill level 2 in Necromancy
 31106 | Swamp:2  | Identified the of Oseiseot
 31174 | Swamp:2  | Reached skill level 4 in Summonings
 31343 | Swamp:2  | Identified the +3 scimitar "Doabeyps" {drain, rC+ rN+ Int+2
                  | Dex-5}
 31701 | Swamp:2  | Reached skill level 3 in Evocations
 31733 | Swamp:2  | HP: 4/107 [spriggan defender simulacrum (34)]
 31883 | Swamp:2  | Found an ancient bone altar of Kikubaaqudgha.
 32086 | Swamp:3  | Offered knowledge of Plasma Beam by Vehumet.
 32132 | Swamp:2  | Reached skill level 15 in Conjurations
 32253 | Swamp:3  | Reached skill level 3 in Necromancy
 32530 | Swamp:3  | Found a transporter.
 32534 | Swamp:3  | Noticed kae's ghost (adept DsEn)
 32743 | Swamp:3  | Found a transporter.
 33474 | Snake:1  | Entered Level 1 of the Snake Pit
 33763 | Swamp:3  | HP: 15/108 [spore (37)]
 33769 | Swamp:3  | Reached skill level 5 in Summonings
 33853 | Swamp:3  | Killed kae's ghost
 33854 | Swamp:3  | Reached skill level 4 in Evocations
 33916 | Swamp:3  | Reached skill level 6 in Summonings
 33916 | Swamp:3  | Reached XP level 18. HP: 113/113 MP: 31/31
 34457 | Snake:1  | Found Dirhac's Jewellery Shop.
 34461 | Snake:1  | Bought the amulet of Xom's Capriciousness {Regen+ Dex+6}
                  | for 694 gold pieces
 34473 | Snake:1  | Found Podiumol's Book Boutique.
 34768 | Snake:1  | Reached skill level 7 in Summonings
 35081 | Snake:2  | Noticed Jorgrun
 35131 | Snake:2  | Reached skill level 17 in Earth Magic
 35219 | Snake:2  | Killed Jorgrun
 35311 | Snake:2  | Reached skill level 13 in Fighting
 36023 | Snake:2  | Found Cagiz's Self-Improvement Boutique.
 36032 | Snake:2  | Bought a manual of Armour for 1200 gold pieces
 36076 | Snake:2  | Reached XP level 19. HP: 119/119 MP: 32/32
 36154 | Snake:2  | Noticed Aizul
 36160 | Snake:2  | Killed Aizul
 36606 | Snake:2  | Noticed Vashnia
 36614 | Snake:2  | Killed Vashnia
 36915 | Lair:5   | Reached skill level 8 in Armour
 36955 | Lair:5   | HP: 20/119 [Vorhees's ghost (26)]
 37105 | Lair:5   | Killed Vorhees's ghost
 37447 | Lair:5   | Identified the staff "Fostre Moloc" {rC+ rCorr Str-4 Int-2
                  | SInv Ice}
 38506 | Snake:3  | Found Ehal's Magic Scroll Boutique.
 38515 | Snake:3  | Bought 2 scrolls of summoning for 361 gold pieces
 38515 | Snake:3  | Bought a scroll of revelation for 142 gold pieces
 38538 | Snake:3  | Reached skill level 1 in Staves
 38926 | Snake:3  | Learned a level 8 spell: Lehudib's Crystal Spear
 39062 | Snake:3  | Reached skill level 8 in Summonings
 39236 | Snake:3  | Reached skill level 9 in Armour
 39465 | Snake:3  | Identified the +2 scale mail "Radoh" {*Slow rElec rF-
                  | Int+9}
 39815 | Snake:3  | Reached skill level 16 in Conjurations
 40110 | Snake:3  | Reached skill level 2 in Staves
 40858 | Swamp:4  | Entered Level 4 of the Swamp
 40863 | Swamp:4  | Offered knowledge of Plasma Beam by Vehumet.
 41397 | Swamp:4  | Reached skill level 3 in Staves
 41400 | Swamp:4  | Reached skill level 10 in Armour
 42006 | Swamp:4  | Reached skill level 14 in Fighting
 42294 | Swamp:4  | Reached skill level 18 in Earth Magic
 42564 | Swamp:4  | Reached skill level 4 in Staves
 42768 | Swamp:4  | Got a decaying rune of Zot
 43053 | Snake:4  | Entered Level 4 of the Snake Pit
 43260 | Snake:4  | Reached XP level 20. HP: 118/127 MP: 25/32
 43702 | Snake:4  | Reached skill level 9 in Summonings
 44164 | Snake:4  | Reached skill level 5 in Staves
 44270 | Snake:4  | Reached skill level 10 in Fire Magic
 44275 | Snake:4  | Reached ****** piety under Vehumet
 44290 | Snake:4  | Offered knowledge of Fire Storm by Vehumet.
 44290 | Snake:4  | Offered knowledge of Shatter by Vehumet.
 44290 | Snake:4  | Offered knowledge of Chain Lightning by Vehumet.
 44349 | Snake:4  | Learned a level 9 spell: Shatter
 44493 | Snake:4  | Got a serpentine rune of Zot
 45006 | Vaults:1 | Entered Level 1 of the Vaults
 45478 | Vaults:1 | Reached skill level 17 in Conjurations
 45511 | Vaults:1 | Found a flickering gateway to a bazaar.
 45520 | Bazaar   | Entered a bazaar
 45544 | Bazaar   | Found Xocil's Jewellery Emporium.
 45555 | Bazaar   | Found Vaef's Armour Emporium.
 45607 | Bazaar   | Found Jipaj's Distillery.
 45613 | Bazaar   | Bought a potion of magic for 88 gold pieces
 45613 | Bazaar   | Bought 2 potions of magic for 176 gold pieces
 45621 | Bazaar   | Found Tainnimu's General Store.
 45659 | Bazaar   | Found Piavukih's General Store.
 45716 | Bazaar   | Bought the amulet of Dithmenos's Pride {Acrobat rElec rF+
                  | Slay-2 Stlth+} for 363 gold pieces
 45781 | Bazaar   | Bought a potion of cancellation for 88 gold pieces
 45921 | Vaults:1 | Reached skill level 6 in Staves
 46072 | Vaults:1 | Reached skill level 15 in Fighting
 47427 | Vaults:2 | Reached skill level 19 in Earth Magic
 47686 | Vaults:2 | Reached skill level 7 in Staves
 47982 | Vaults:2 | Reached XP level 21. HP: 135/135 MP: 33/33
 48051 | Vaults:2 | Identified the +8 quarterstaff "Azior" {venom, rPois Str+7
                  | Int-2 Dex-5}
 49081 | Vaults:2 | Found a staircase to the Crypt.
 49081 | Vaults:2 | Found a basalt altar of Yredelemnul.
 49081 | Vaults:2 | Found an ancient bone altar of Kikubaaqudgha.
 49470 | Vaults:3 | Reached skill level 8 in Staves
 49790 | Vaults:3 | Reached skill level 16 in Fighting
 49814 | Vaults:3 | Reached skill level 18 in Conjurations
 49816 | Vaults:3 | Noticed Mennas
 49842 | Vaults:3 | Killed Mennas
 50461 | Vaults:3 | Reached skill level 9 in Staves
 50731 | Vaults:3 | Reached skill level 20 in Earth Magic
 51005 | Vaults:3 | Found a runed translucent gate.
 51005 | Vaults:3 | Found a runed translucent gate.
 51005 | Vaults:3 | Found a runed translucent gate.
 51987 | Vaults:3 | Reached XP level 22. HP: 144/144 MP: 34/34
 52042 | Vaults:3 | You are sucked into a shaft and drop 1 floor!
 52907 | Vaults:3 | Noticed Aceje Mir's ghost (adept AtMo)
 52944 | Vaults:3 | Killed Aceje Mir's ghost
 53347 | Vaults:4 | Found Laympeku's Jewellery Shoppe.
 53650 | Vaults:4 | Reached skill level 10 in Staves
 53651 | Vaults:4 | Reached skill level 17 in Fighting
 54519 | Vaults:4 | Reached skill level 19 in Conjurations
 55065 | Vaults:5 | Identified the of Zatzayja
 55065 | Vaults:5 | Identified the of Digegras
 55065 | Vaults:5 | Identified the "Fodustup"
 55065 | Depths:1 | Entered Level 1 of the Depths
 55279 | Depths:1 | Found a portal to a secret trove of treasure.
 55750 | Depths:1 | Found an opulent altar of Gozag.
 55917 | Depths:1 | Found a one-way gateway to a ziggurat.
 56063 | Depths:1 | Reached skill level 21 in Earth Magic
 56316 | Depths:1 | Found a gateway to Hell.
 56364 | Depths:1 | Found a one-way gate leading to the halls of Pandemonium.
 56526 | Depths:1 | Reached skill level 11 in Staves
 56628 | Depths:1 | Found Vuock's Book Emporium.
 56628 | Depths:1 | Found Fovamuon's Jewellery Boutique.
 56629 | Depths:1 | Found Ykhluc's Book Emporium.
 57182 | Depths:2 | Identified the of Xakhedil
 57399 | Depths:2 | Found a one-way gate to the infinite horrors of the Abyss.
 57418 | Depths:2 | Noticed the Enchantress
 57537 | Depths:1 | Killed the Enchantress
 57904 | Depths:2 | Reached skill level 18 in Fighting
 58008 | Depths:2 | Reached XP level 23. HP: 152/152 MP: 35/35
 58666 | Depths:2 | Identified the +1 pair of boots of an ice cave {Str+2
                  | Int+3}
 59080 | Depths:2 | Learned a level 9 spell: Fire Storm
 59333 | Depths:3 | Reached skill level 12 in Staves
 59640 | Depths:3 | Reached skill level 20 in Conjurations
 59653 | Depths:3 | Noticed a caustic shrike
 59657 | Depths:3 | Killed a caustic shrike
 59736 | Depths:3 | Noticed a golden dragon
 59744 | Depths:3 | Killed a golden dragon
 60044 | Depths:3 | Reached skill level 22 in Earth Magic
 60704 | Depths:3 | Found a runed translucent door.
 60974 | Depths:3 | Upgraded the game from 0.31-a0-925-g0a390f2509 to
                  | 0.31-a0-931-g7b59d4eb97
 61426 | Depths:4 | Entered Level 4 of the Depths
 61444 | Depths:4 | Reached skill level 19 in Fighting
 61446 | Depths:4 | Noticed a juggernaut
 61453 | Depths:4 | Killed a juggernaut
 61989 | Depths:4 | Found Kean Eck's Book Shop.
 61997 | Depths:4 | Found Byhevoq's Weapon Boutique.
 62029 | Depths:4 | Found Kyvirgho's General Store.
 62561 | Depths:4 | Found a gate to the Realm of Zot.
 63282 | Vaults:5 | Entered Level 5 of the Vaults
 63285 | Vaults:5 | Reached skill level 21 in Conjurations
 63285 | Vaults:5 | Reached XP level 24. HP: 161/161 MP: 35/35
 63287 | Vaults:5 | Noticed an ancient lich
 63290 | Vaults:5 | Killed an ancient lich
 63291 | Vaults:5 | Reached skill level 11 in Fire Magic
 63294 | Vaults:5 | Reached skill level 23 in Earth Magic
 63427 | Vaults:5 | Reached skill level 20 in Fighting
 63590 | Vaults:5 | Reached skill level 12 in Fire Magic
 64128 | Vaults:5 | Identified the ring "Egihofit" {Ice Str+6}
 64155 | Vaults:5 | Identified the +2 pair of gloves of Duty {rElec}
 64533 | Vaults:5 | Identified the +4 halberd "Kokeyll" {pain, Dex+3}
 64536 | Vaults:5 | Got a silver rune of Zot
 65418 | Elf:1    | Identified the of Tiamuoj
 65418 | Elf:1    | Entered Level 1 of the Elven Halls
 65599 | Elf:1    | Reached XP level 25. HP: 169/169 MP: 35/35
 65611 | Elf:1    | Reached skill level 22 in Conjurations
 66466 | Elf:2    | Found the +8 arc blade {discharge, rElec}
 66517 | Elf:2    | Reached skill level 24 in Earth Magic
 67223 | Elf:2    | Found a runed translucent gate.
 67223 | Elf:2    | Found a runed translucent gate.
 67224 | Elf:2    | Found a runed translucent gate.
 67258 | Elf:2    | Reached skill level 13 in Fire Magic
 67678 | Elf:2    | Reached skill level 21 in Fighting
 67992 | Elf:3    | Entered Level 3 of the Elven Halls
 68044 | Elf:3    | Found Aleetoenann's Antique Armour Boutique.
 68341 | Elf:3    | Identified the +11 plate armour "Udwul" {+Blink rPois}
 68347 | Elf:3    | Identified the +9 short sword of Wizarding Bloody Death
                  | {drain, rF+}
 68353 | Elf:3    | Identified the +4 battleaxe of the Abyss {flame, Dex+2}
 68358 | Elf:3    | Identified the staff "Asmaossi" {rPois Str+5 Stlth- Earth}
 68573 | Elf:3    | Paralysed by an air elemental for 1 turns
 69242 | Elf:3    | Identified the +0 robe of a Hundred Wars {rElec Str-3
                  | Int+5}
 69242 | Elf:3    | Identified the amulet "Guapu Onoz" {Spirit rF+}
 69312 | Elf:3    | Identified the +9 battleaxe of Lenit {freeze, Str+5}
 70303 | Crypt:1  | Entered Level 1 of the Crypt
 70990 | Crypt:1  | Reached skill level 13 in Spellcasting
 71098 | Crypt:1  | Identified the +0 leather armour of Sin {MP+9}
 71966 | Crypt:1  | Reached skill level 14 in Fire Magic
 72015 | Crypt:1  | Reached XP level 26. HP: 177/177 MP: 18/36
 72969 | Crypt:2  | Reached skill level 23 in Conjurations
 73633 | Crypt:2  | Identified the +0 scale mail of Noughts and Crosses {Will++
                  | Str-3 Int+3 Stlth+}
 74028 | Crypt:2  | Reached skill level 25 in Earth Magic
 74399 | Crypt:3  | Entered Level 3 of the Crypt
 75165 | Crypt:3  | Identified the +6 great mace "Nuonn" {flame, Contam Str+4
                  | Stlth+}
 75385 | Crypt:3  | Found a staircase to the Tomb.
 75995 | Depths:4 | Bought a manual of Shields for 1520 gold pieces
 76086 | Depths:1 | You paid a toll of 14 scrolls of teleportation to enter a
                  | treasure trove
 76087 | Trove    | Entered a treasure trove
 76089 | Trove    | Found the ring of the Hare {EV+10}
 76100 | Trove    | Identified the ring of Zytud {Ice *Corrode rN++ MP+9 SInv}
 76104 | Trove    | Identified the ring of the Priest {Fire rN+ Slay+3}
 76106 | Trove    | Identified the ring of Puampov {rF+ Will+ rCorr}
 76109 | Trove    | Identified the ring "Dairos" {Will- Str+6 Dex+4}
 76111 | Trove    | Identified the ring of Itryth {Wiz Str+3}
 76113 | Trove    | Identified the ring of Heubil {rF- rC+ rCorr Dex+5}
 76114 | Trove    | Identified the ring of Xom's Esteem {Fire Int+2}
 76115 | Trove    | Identified the ring "Voal" {rElec rN+}
 76128 | Trove    | Identified the amulet of Uninlown {RegenMP Int+2 SInv}
 76721 | Crypt:3  | Found an ancient bone altar of Kikubaaqudgha.
 76787 | Crypt:3  | Identified the +0 helmet of Jigsaw {Str+6 Dex-2}
 76792 | Crypt:3  | Identified the +2 dagger of Profit {speed, *Rage rCorr
                  | Str+2}
 76799 | Crypt:3  | Noticed a dread lich
 76801 | Crypt:3  | Killed a dread lich
 76838 | Crypt:3  | Noticed a dread lich
 76859 | Crypt:3  | Killed a dread lich
 77175 | Crypt:3  | Reached skill level 22 in Fighting
 77902 | Zot:1    | Entered Level 1 of the Realm of Zot
 77948 | Zot:1    | Reached skill level 11 in Armour
 77948 | Zot:1    | Reached skill level 5 in Shields
 78094 | Zot:1    | Found the +4 dragonskin cloak
 78094 | Zot:1    | Noticed Tiamat
 78182 | Zot:1    | Killed Tiamat
 78449 | Zot:1    | Reached skill level 6 in Shields
 78833 | Zot:1    | Reached skill level 5 in Evocations
 78854 | Zot:1    | HP: 41/179 [black draconian knight/bolt of lightning[a
                  | green draconian monk] (13)]
 78869 | Zot:1    | HP: 40/179 [black draconian knight/bolt of lightning[a
                  | green draconian monk] (15)]
 79071 | Zot:1    | Reached skill level 15 in Fire Magic
 79085 | Zot:1    | Reached XP level 27. HP: 184/184 MP: 31/36
 79137 | Zot:1    | Reached skill level 14 in Spellcasting
 79157 | Zot:1    | Reached skill level 12 in Armour
 79197 | Zot:1    | Noticed an orb of fire
 79202 | Zot:1    | Killed an orb of fire
 79203 | Zot:1    | Reached skill level 7 in Shields
 79206 | Zot:1    | Noticed a dread lich
 79208 | Zot:1    | Killed a dread lich
 80533 | Zot:2    | Reached skill level 6 in Evocations
 80744 | Zot:3    | Identified the "Jigg"
 80826 | Zot:3    | Reached skill level 13 in Armour
 80911 | Zot:3    | Noticed an orb of fire
 80920 | Zot:3    | Killed an orb of fire
 81994 | Zot:4    | Reached skill level 14 in Armour
 82107 | Zot:4    | Reached skill level 7 in Evocations
 82120 | Zot:4    | Reached skill level 26 in Earth Magic
 82662 | Zot:5    | Entered Level 5 of the Realm of Zot
 82688 | Zot:5    | Reached skill level 24 in Conjurations
 83191 | Zot:5    | Noticed a dread lich
 83196 | Zot:5    | Killed a dread lich
 83197 | Zot:5    | Reached skill level 16 in Fire Magic
 83354 | Zot:5    | Reached skill level 15 in Armour
 83386 | Zot:5    | Reached skill level 23 in Fighting
 83454 | Zot:5    | Noticed an ancient lich
 83461 | Zot:5    | Killed an ancient lich
 83527 | Zot:5    | Reached skill level 15 in Spellcasting
 83575 | Zot:5    | Gained mutation: You occasionally lose the ability to read
                  | scrolls when taking damage. [mutagenic glow]
 83668 | Zot:5    | Noticed a dread lich
 83677 | Zot:5    | Killed a dread lich
 83677 | Zot:5    | Noticed an ancient lich
 83679 | Zot:5    | Killed an ancient lich
 83680 | Zot:5    | Reached skill level 8 in Evocations
 83717 | Zot:5    | Noticed an ancient lich
 83721 | Zot:5    | Killed an ancient lich
 83809 | Zot:5    | Noticed an orb of fire
 83814 | Zot:5    | Killed an orb of fire
 84000 | Zot:5    | Noticed an orb of fire
 84005 | Zot:5    | Noticed a dread lich
 84006 | Zot:5    | Killed an orb of fire
 84006 | Zot:5    | Noticed an orb of fire
 84007 | Zot:5    | HP: 27/188 [quicksilver dragon/bolt of dispelling energy
                  | (33)]
 84011 | Zot:5    | Killed an orb of fire
 84013 | Zot:5    | Killed a dread lich
 84015 | Zot:5    | HP: 47/188 [electric golem/bolt of lightning (4)]
 84015 | Zot:5    | Noticed an ancient lich
 84045 | Zot:5    | Killed an ancient lich
 84231 | Zot:5    | Noticed a dread lich
 84237 | Zot:5    | Killed a dread lich
 84611 | Slime:5  | Identified the "Otiuk"
 84611 | Slime:5  | Identified the "Ehasaose"
 84611 | Dis:7    | Identified the "Fittidof"
 84611 | Zig:1    | Entered Level 1 of a ziggurat
 84635 | Zig:2    | Entered Level 2 of a ziggurat
 84638 | Zig:2    | Noticed a pearl dragon
 84640 | Zig:2    | Killed a pearl dragon
 84661 | Zig:3    | Entered Level 3 of a ziggurat
 84689 | Zig:4    | Identified the of Woguwk
 84689 | Zig:4    | Entered Level 4 of a ziggurat
 84692 | Zig:4    | Noticed a royal mummy
 84694 | Zig:4    | Killed a royal mummy
 84722 | Zig:5    | Entered Level 5 of a ziggurat
 84730 | Zig:5    | Killed a royal mummy
 84794 | Zig:5    | Identified the staff "Resesk" {rC+ rN+ Necro}
 84798 | Zig:6    | Entered Level 6 of a ziggurat
 84827 | Zig:6    | Identified the +3 arbalest of the Final Decision {penet,
                  | Will+}
 84840 | Zig:6    | Lost mutation: You are dopey. (Int -2) [potion of mutation]
 84840 | Zig:6    | Lost mutation: You occasionally lose the ability to read
                  | scrolls when taking damage. [potion of mutation]
 84840 | Zig:6    | Gained mutation: You are partially covered in iridescent
                  | scales. (AC +2) [potion of mutation]
 84846 | Zig:7    | Identified the "Juuf"
 84846 | Zig:7    | Entered Level 7 of a ziggurat
 84882 | Zig:7    | Identified the +5 shortbow "Xaps" {heavy, rF+ Str+3}
 84890 | Zig:7    | Identified the staff of the Sky {rF+ rCorr Str+3 Fire}
 84902 | Zig:8    | Entered Level 8 of a ziggurat
 84907 | Zig:8    | Noticed a pearl dragon
 84907 | Zig:8    | Noticed a pearl dragon
 84911 | Zig:8    | Killed a pearl dragon
 84913 | Zig:8    | Reached skill level 9 in Evocations
 84918 | Zig:8    | Killed a pearl dragon
 85028 | Zig:8    | Identified the +4 ring mail of the Crypt {rF- Int+5 Dex+4}
 85037 | Zig:8    | Identified the +1 sling "Juhubbi" {freeze, rN+}
 85048 | Zig:9    | Identified the of Zis Jes
 85048 | Zig:9    | Entered Level 9 of a ziggurat
 85122 | Zig:9    | Identified the +8 mace of the Omega Point {elec, rPois
                  | Dex+3}
 85131 | Zig:9    | Identified the +10 hand axe "Jom Yrr" {drain, rF+}
 85156 | Zig:10   | Entered Level 10 of a ziggurat
 85164 | Zig:10   | Reached skill level 17 in Fire Magic
 85295 | Zig:10   | Identified the +1 leather armour of Zeig {*Corrode Regen+
                  | Int-4 Dex+5}
 85300 | Zig:10   | Reached skill level 8 in Shields
 85315 | Zig:10   | Identified the ring "Peprico" {Wiz Will+}
 85346 | Zig:11   | Entered Level 11 of a ziggurat
 85353 | Zig:11   | Reached skill level 10 in Dodging
 85387 | Zig:11   | Identified the +1 leather armour of Immorality {rF++
                  | Regen+}
 85391 | Zig:11   | Identified the +5 plate armour "Zirow" {-Tele rN+++ Will+
                  | Int+2}
 85405 | Zig:11   | Reached skill level 24 in Fighting
 85405 | Zig:11   | Reached skill level 16 in Armour
 85405 | Zig:11   | Reached skill level 9 in Shields
 85412 | Zig:12   | Entered Level 12 of a ziggurat
 85423 | Zig:12   | Reached skill level 16 in Spellcasting
 85423 | Zig:12   | Reached skill level 27 in Earth Magic
 85424 | Zig:12   | Noticed an ancient lich
 85427 | Zig:12   | Killed an ancient lich
 85468 | Zig:12   | Identified the +6 hand axe "Jumurodgh" {flame, *Noise Fly
                  | rC+++ Str+3}
 85504 | Zig:12   | Reached skill level 10 in Shields
 85504 | Zig:12   | Reached skill level 25 in Conjurations
 85519 | Zig:13   | Identified the "Gashuumn"
 85519 | Zig:13   | Entered Level 13 of a ziggurat
 85527 | Zig:13   | Noticed Iklaulo the pandemonium lord
 85530 | Zig:13   | Killed Iklaulo the pandemonium lord
 85531 | Zig:13   | Reached skill level 10 in Evocations
 85545 | Zig:13   | Found the +5 scythe "Finisher" {speed, execute}
 85555 | Zig:13   | Identified the ring "Erimixer" {Int+2 Dex+6}
 85564 | Zig:13   | Identified the +5 long sword of Springtime {pain, *Corrode
                  | Str+6 SInv}
 85572 | Zig:13   | Identified the +7 fire dragon scales "Astamul" {Harm rF++
                  | rC-}
 85602 | Zig:14   | Entered Level 14 of a ziggurat
 85618 | Zig:14   | Reached skill level 11 in Shields
 85648 | Zig:14   | Identified the staff "Tanuqel" {rPois Earth}
 85653 | Zig:14   | Identified the ring of Mukach {AC+4 Stlth+}
 85656 | Zig:14   | Identified the +8 mace "Ufriv" {freeze, Fragile rPois rC+
                  | rCorr}
 85658 | Zig:14   | Identified the +3 war axe "Pendulum" {speed, rN+}
 85663 | Zig:15   | Entered Level 15 of a ziggurat
 85714 | Zig:15   | Identified the amulet "Adozeb" {Reflect +Blink rCorr SH+5}
 85719 | Zig:15   | Identified the +8 plate armour "Epsuforu" {rF++ Str-5
                  | Int+3}
 85721 | Zig:15   | Identified the +5 falchion of Yredelemnul's Envy {protect,
                  | rElec rPois rC+ Will- Dex-3}
 85722 | Zig:15   | Identified the ring of the Villain {rElec rC- Str+6 Dex+6
                  | Stlth-}
 85741 | Zig:16   | Entered Level 16 of a ziggurat
 85754 | Zig:16   | Noticed Xenguuh the pandemonium lord
 85757 | Zig:16   | Killed Xenguuh the pandemonium lord
 85758 | Zig:16   | Reached skill level 17 in Armour
 85758 | Zig:16   | Reached skill level 12 in Shields
 85761 | Zig:16   | Reached skill level 11 in Dodging
 85786 | Zig:16   | Identified the +1 robe "Micziful" {+Inv}
 85792 | Zig:16   | Identified the +2 pair of boots of the Evening Star {rPois
                  | SInv}
 85806 | Zig:16   | Identified the +9 hand axe of the Shore {speed, rElec}
 85833 | Zig:17   | Entered Level 17 of a ziggurat
 85879 | Zig:17   | Reached skill level 13 in Shields
 85879 | Zig:17   | Reached skill level 18 in Fire Magic
 85883 | Zig:17   | Identified the ring of Yendor {rC+ Will+}
 85885 | Zig:17   | Identified the staff "Esypusym" {rN+ Dex+3 Necro}
 85887 | Zig:17   | Identified the +4 spear "Aneobea" {flame, rCorr Dex+3}
 85890 | Zig:17   | Identified the amulet "Osorchaoxt" {rElec Regen+}
 85901 | Zig:17   | Identified the +0 scale mail of the Cuttlefish {rPois rCorr
                  | Int-5 Stlth+}
 85905 | Zig:17   | Identified the ring "Xokloigy" {*Slow Fly rC- rN+++ rCorr}
 85939 | Zig:18   | Identified the "Xacicyh"
 85939 | Zig:18   | Entered Level 18 of a ziggurat
 85955 | Zig:18   | Reached skill level 11 in Evocations
 85967 | Zig:18   | Noticed Icygaefa the pandemonium lord
 85974 | Zig:18   | Killed Icygaefa the pandemonium lord
 86047 | Zig:18   | Identified the +1 broad axe of the Mind {freeze, Dex+3}
 86052 | Zig:18   | Identified the +10 scimitar "Ogrebane" {holy, rPois rC+
                  | Int-4}
 86065 | Zig:18   | Identified the +7 dire flail of a Gauntlet {heavy, rElec
                  | Str+3}
 86078 | Zig:19   | Identified the "Vaxithoq"
 86078 | Zig:19   | Entered Level 19 of a ziggurat
 86088 | Zig:19   | Reached skill level 14 in Shields
 86098 | Zig:19   | Reached skill level 17 in Spellcasting
 86109 | Zig:19   | Reached skill level 25 in Fighting
 86277 | Zig:19   | Found the +6 Majin-Bo {spellvamp, MP+6 Int+6}
 86331 | Zig:19   | Identified the +0 gold dragon scales "Yruqoriz" {-Tele
                  | rPois rF+ rC+ Str+2 Dex+3 Slay+2}
 86351 | Zig:19   | Acquired the ring of the Mpinguari {Wiz Drain rElec rC+++
                  | Str+4}
 86383 | Zig:20   | Identified the "Sifiseih"
 86383 | Zig:20   | Identified the of Xim Yse
 86383 | Zig:20   | Entered Level 20 of a ziggurat
 86409 | Zig:20   | Reached skill level 18 in Armour
 86441 | Zig:20   | Identified the +11 broad axe of Bread {protect, Str+4 Dex+2
                  | SInv}
 86447 | Zig:20   | Reached skill level 12 in Dodging
 86447 | Zig:20   | Reached skill level 15 in Shields
 86461 | Zig:20   | Identified the +6 flail "Qatiy" {freeze, Will+ Int+5
                  | Stlth+}
 86464 | Zig:20   | Identified the ring "Feguol" {Drain rC+ Will+ Int+5}
 86468 | Zig:20   | Identified the +0 leather armour of Spring Thaw {rElec
                  | Str+4 SInv Stlth-}
 86483 | Zig:20   | Identified the +2 scimitar of the World {venom, Dex+3}
 86499 | Zig:21   | Identified the "Xaujabba"
 86499 | Zig:21   | Identified the "Adynin"
 86499 | Zig:21   | Identified the of Atasezxu
 86499 | Zig:21   | Identified the "Naonufy"
 86499 | Zig:21   | Entered Level 21 of a ziggurat
 86511 | Zig:21   | Reached skill level 26 in Conjurations
 86517 | Zig:21   | Reached skill level 12 in Evocations
 86519 | Zig:21   | Reached skill level 4 in Necromancy
 86590 | Zig:21   | Identified the +1 ring mail "Xoaplaux" {Drain rN+ Str+3}
 86601 | Zig:21   | Identified the +1 quarterstaff "Din Rok" {pain, Will+}
 86616 | Zig:21   | Identified the +1 robe of Hairiness {+Inv rC+ Slay-6}
 86671 | Zig:22   | Identified the of Loarauthre
 86671 | Zig:22   | Identified the "Nogust Mouh"
 86671 | Zig:22   | Identified the "Geteco"
 86671 | Zig:22   | Entered Level 22 of a ziggurat
 86691 | Zig:22   | Reached skill level 19 in Fire Magic
 86692 | Zig:22   | Reached skill level 5 in Necromancy
 86707 | Zig:22   | Found the dreamshard necklace {Acrobat *Dream}
 86712 | Zig:22   | Identified the ring of the Hurling Bones {Will+ Int+7 SInv
                  | Stlth-}
 86746 | Zig:22   | Identified the +0 long sword "Iruteimu" {flame, Str+3}
 86751 | Zig:22   | Identified the +5 trident of Somewhere Else {pain, rF-
                  | Int+8}
 86827 | Zig:23   | Identified the of Ysietimm
 86827 | Zig:23   | Entered Level 23 of a ziggurat
 86878 | Zig:23   | Reached skill level 18 in Spellcasting
 86920 | Zig:23   | Identified the ring of Jeogutio {rPois rF- Will+ rCorr
                  | Str-4}
 86925 | Zig:23   | Identified the +8 trident of Indomitability {chaos,
                  | *Corrode rElec rC+ Str+6}
 86929 | Zig:23   | Identified the +6 acid dragon scales of Raofaloq {Harm
                  | rF+++ Regen+ rCorr Slay-2}
 86978 | Zig:24   | Identified the of Yhae
 86978 | Zig:24   | Entered Level 24 of a ziggurat
 86995 | Zig:24   | Noticed a dread lich
 86998 | Zig:24   | Killed a dread lich
 86999 | Zig:24   | Reached skill level 13 in Evocations
 86999 | Zig:24   | Noticed an ancient lich
 86999 | Zig:24   | Noticed an ancient lich
 87001 | Zig:24   | Killed an ancient lich
 87001 | Zig:24   | Killed an ancient lich
 87002 | Zig:24   | Reached skill level 6 in Necromancy
 87016 | Zig:24   | Noticed a dread lich
 87019 | Zig:24   | Killed a dread lich
 87020 | Zig:24   | Noticed a dread lich
 87021 | Zig:24   | Reached skill level 26 in Fighting
 87022 | Zig:24   | Killed a dread lich
 87120 | Zig:24   | Identified the staff of Duty {rF+ Earth}
 87130 | Zig:24   | Identified the +1 scale mail "Zitsifri" {Regen+ Dex+2}
 87132 | Zig:24   | Identified the staff "Ruoxt" {rElec Will+ Str+4 Int-2 Air}
 87137 | Zig:24   | Identified the +4 bardiche "Upauclal" {freeze, rF++ rC+
                  | rCorr Str-3}
 87145 | Zig:24   | Identified the +1 rapier of Famine {venom, Str+5 Int+2}
 87172 | Zig:24   | Reached skill level 8 in Necromancy
 87185 | Zig:25   | Entered Level 25 of a ziggurat
 87258 | Zig:25   | Found the +2 hat of the Bear Spirit {Spirit, Bear, *Rage
                  | Will++}
 87264 | Zig:25   | Identified the +1 falchion "Ivokheg" {distort, rPois rF+
                  | Str+5}
 87280 | Zig:25   | Identified the ring of Setoch {Ice rElec rN+ Int+3 SInv}
 87282 | Zig:25   | Identified the staff "Xinov" {rPois rF+ MP-9 Str+3 Fire}
 87291 | Zig:25   | Identified the +0 war axe of Valiance {flame, rN+ rCorr}
 87313 | Zig:25   | Reached skill level 9 in Necromancy
 87324 | Zig:26   | Identified the of Fuhoiq
 87324 | Zig:26   | Entered Level 26 of a ziggurat
 87336 | Zig:26   | Reached skill level 27 in Conjurations
 87353 | Zig:26   | Reached skill level 20 in Fire Magic
 87361 | Zig:26   | Reached skill level 10 in Necromancy
 87363 | Zig:26   | Reached skill level 14 in Evocations
 87465 | Zig:26   | Reached skill level 19 in Spellcasting
 87653 | Zig:26   | Identified the staff of Somewhere Else {*Slow rC+ rN+++
                  | Int+4 Stlth- Ice}
 87661 | Zig:26   | Identified the staff "Qopsiqiz" {rElec rC++ Air}
 87695 | Zig:26   | Identified the ring of Apsim {Drain Fly rPois EV+5}
 87706 | Zig:26   | Identified the +11 quarterstaff of Untruth {flame, rPois
                  | rC- Will++ SInv}
 87735 | Zig:26   | Reached skill level 11 in Necromancy
 87748 | Zig:27   | Entered Level 27 of a ziggurat
 87783 | Zig:27   | Gained mutation: Your magical capacity is very low. (-20%
                  | MP) [a cacodemon]
 87784 | Zig:27   | HP: 43/197 [Hell Sentinel/damnation (36)]
 87784 | Zig:27   | HP: 4/197 [Brimstone Fiend/damnation (39)]
 87784 | Zig:27   | Saved by the dreamshard amulet
 87785 | Zig:27   | Killed from afar by a hellion

Illustrated notes

Levels and vault maps discovered:
D:1:      evilmike_arrival_fibonacci_small, layout_basic
D:2:      layout_basic, serial_forest, infiniplex_forest_straight_4,
          infiniplex_forest_lined_3, infiniplex_forest_lined_2,
          infiniplex_forest_straight_2, infiniplex_forest_clump_double,
          infiniplex_forest_clump_tiny, infiniplex_forest_end_2,
          infiniplex_forest_end_double, infiniplex_forest_lined_4_way,
          infiniplex_forest_clump_diagonal, serial_shops, shop
D:3:      layout_basic, kiku_gazebo_garden_becter, uniq_terence
D:4:      layout_basic, ebering_ghost_rock_garden
D:5:      layout_rooms, good_gods_temple_1, minmay_temple_entry_trees,
          enter_ossuary_5
D:6:      layout_rooms, nicolae_overflow_hallway_of_the_gods, kennysheep_dice,
          uniq_edmund, uniq_sigmund
D:7:      layout_layer_cave, marbit_many_paths, ebering_ghost_reflecting_pool,
          serial_shops, shop, uniq_joseph
D:8:      layout_basic, uniq_jeremiah, uniq_erica, uniq_grum
D:9:      layout_long_grid, nicolae_wu_jian_wuxing_cycle,
          nicolae_overflow_crystal_walls, uniq_harold
D:10:     layout_irregular_city, kennysheep_orc_monster_closet_entryway,
          minivault_7
D:11:     layout_basic, david_lair_generic, gauntlet_entry_generic,
          nicolae_rejected_hall, uniq_urug, uniq_maurice
D:12:     layout_irregular_city, ashenzari_altar_1
D:13:     layout_roguey, erik_vaults_2, hangedman_glass_teeth, uniq_azrael
D:14:     layout_rooms, xom_redecorated, minmay_bent, uniq_lodul
D:15:     hangedman_depths_entry_civil_slaughter, layout_irregular_city,
          serial_glass, glass_columns_c, glass_columns_a, glass_columns_b,
          glass_columns_c, glass_columns_a, glass_columns_a, glass_columns_a,
          glass_columns_b, minmay_starry_boxes
Temple:   hellmonk_temple_two_chambers
Lair:1:   layout_layer_cave, portal_ice_cave_entry_ice_simulacra, minivault_25,
          infiniplex_staircase_pool_2
Lair:2:   layout_cave_pods, dummy_snake_entry, ebering_ghost_inner_flame,
          bobbens_dragon_lair_wall, grunt_megastairs_4
Lair:3:   layout_regular_city, palyth_hydra_swamp_entry, basic_altar,
          columned_hall_lemuel, grunt_megastairs_2, uniq_snorg
Lair:4:   layout_gridlike, gammafunk_ghost_wrathful_warriors, minivault_11,
          grunt_forest_large_clearing_hut
Lair:5:   evilmike_catoblepas_cave, layout_loops_ring, slime_entry_1,
          nzn_ghost_randoct
Swamp:1:  layout_basic_swamp, hangedman_swamp_lotus, uniq_josephine,
          uniq_donald, uniq_kirke, uniq_nikola
Swamp:2:  layout_falls_marsh, evilmike_swamp_ruin_house_3, swamp_pool2,
          beargit_kiku_chapel
Swamp:3:  layout_basic_swamp, gammafunk_ghost_mausoleum,
          evilmike_swamp_ruin_rubble_2
Swamp:4:  swamp_vile, layout_basic_swamp, swamp_pool1, nzn_swamp_blast_mining,
          infiniplex_staircase_pool
Snake:1:  layout_onion_interference, nicolae_triple_integral, minmay_shoptagon
Snake:2:  layout_layer_cave, nicolae_shop_self_help, grunt_megastairs_1,
          uniq_aizul, uniq_jorgrun, uniq_vashnia
Snake:3:  layout_cave_pods, serial_shops, shop, drop_trap
Snake:4:  grunt_snake_rune_serpentine_throne, layout_cave_pods,
          serial_bayou_crossing
Orc:1:    layout_diamond_mine, basic_altar, uniq_erolcha
Orc:2:    st_orc_ogre_mass, layout_diamond_mine
Elf:1:    elf_arrival_002, layout_gridlike, minmay_elf_sorcery
Elf:2:    nicolae_elf_blades_splatter_lattice
          [nicolae_blade_entry_sentries_behind_glass], layout_geoelf_octagon,
          solitary_fountain
Elf:3:    elf_hall_gauntlet_narrow, layout_onion_city, serial_shops,
          nicolae_diamond_shop
Vaults:1: nicolae_vaults_two_Ls, v_misc_18, hangedman_vaults_corner, v_misc_25,
          vaults_room_octagon, vaults_room_hallway,
          nicolae_vaults_fighting_squares, nicolae_vaults_little_squares_5,
          nicolae_vaults_more_shelving_1, nicolae_vaults_tetromino_T_2,
          nicolae_vaults_apartment_1, layout_vaults_omnicross, serial_shops,
          bzr_firewalk
Vaults:2: minmay_crypt_entry_necro_gods, nicolae_vaults_shipping_containers_5,
          nicolae_vaults_heart-shaped_vault, v_misc_11, nicolae_vaults_alarming,
          vaults_mumra_hex, nicolae_vaults_border_crossing, v_alt_pattern_2,
          nicolae_vaults_little_squares_2, layout_vaults_omnigrid
Vaults:3: gammafunk_ghost_necromancy, nicolae_vaults_big_ls, v_rooms_4,
          nicolae_vaults_angled_halls, hangedman_vaults_nails,
          nicolae_vaults_big_angled_halls, vaults_room_fours,
          nicolae_vaults_little_squares_2, vaults_room_large_hall, v_pattern_5,
          nicolae_vaults_wine_cellar, nicolae_vaults_trapezoid_lopsided_4,
          nicolae_vaults_variable_pillar_hall, vaults_dpeg_emergency_exit,
          hangedman_vaults_stretched_pinwheel, vaults_dpeg_spiral, v_misc_13,
          vaults_room_stairs_pillars, layout_vaults_omnibox, uniq_mennas
Vaults:4: nicolae_vaults_closet_pinwheel_5, nicolae_vaults_network_periphery,
          v_pattern_2, v_misc_10, ontoclasm_vaults_claustrophobia,
          nicolae_vaults_closet_pinwheel_3,
          nicolae_vaults_windows_and_doors_thing, nicolae_vaults_house_2,
          nicolae_vaults_little_squares_3, layout_vaults_ring, serial_shops,
          nicolae_shop_real_fake_doors
Vaults:5: serial_shops
Crypt:1:  layout_catacombs, roderic_lattice_octagonal_star,
          grunt_crypt_arrival_webbed
Crypt:2:  layout_catacombs, uniq_grunn
Crypt:3:  quadcrypt_mu
Depths:1: layout_basic, enter_ziggurat_f, pf_coc_iceberg, enter_trove_1,
          rand_demon_pan_entry_4, nicolae_gozag_cash_rules_everything_around_me,
          minmay_shop_grove
Depths:2: minmay_haunted_quarter, layout_basic, grunt_pan_entry_sceptre,
          abyss_entry, hell_entry, wad_floor_pattern_untrapped,
          infiniplex_staircase_river, serial_bayou_shore_b, uniq_enchantress,
          uniq_josephina
Depths:3: minmay_textured_paths, layout_basic, grunt_hell_entry_dis_mu,
          abyss_entry, lightli_giant_bouncers, minmay_staircase_statues
Depths:4: grunt_zot_entry_bicorn, layout_cave_pools, pf_hell_entry_tar_spiral,
          rand_demon_pan_entry_7, serial_shops, nicolae_shop_window_shopping,
          shop, shop, hangedman_decor_push, kilobyte_rumbling_trees
Zot:1:    layout_concentric_octagons, hangedman_player_shredder, uniq_tiamat
Zot:2:    layout_gridlike
Zot:3:    lemuel_firehouse, layout_onion_interference
Zot:4:    layout_gridville, grunt_ministairs_11, hangedman_zot_decor_scrapings,
          zot_minivault_5
Zot:5:    layout_concentric_octagons, st_stairs_10
Zig:27

Skill      XL: |  1  2  3  4  5  6  7  8  9 10 11 12 13 14 15 16 17 18 19 20 21 22 23 24 25 26 27 |
---------------+----------------------------------------------------------------------------------+-----
Earth Magic    | 4 5 6 8 10 11 12 13 14 15 16 17 18 19 20 21 22 23 24 25 27 | 27.0
Stealth        | 3 4 5 |  5.0
Conjurations   | 1 2 3 4 6 8 9 10 11 12 13 14 15 16 17 18 19 21 22 23 27 | 27.0
Spellcasting   | 3 4 6 7 8 9 10 11 12 13 19 | 19.1
Fighting       | 3 5 7 8 9 10 11 12 13 14 15 16 18 19 20 21 22 26 | 26.7
Dodging        | 2 4 5 6 7 8 9 12 | 12.1
Fire Magic     | 1 4 6 7 8 9 10 12 14 15 20 | 20.5
Armour         | 3 6 7 10 11 18 | 18.2
Shields        | 3 4 6 15 | 15.2
Summonings     | 3 6 7 8 9 |  9.4
Evocations     | 1 4 5 14 | 14.4
Necromancy     | 1 3 11 | 11.5
Staves         | 4 7 9 11 12 | 12.0
Transmutations | |  0.7

Action                     |  1- 3 |  4- 6 |  7- 9 | 10-12 | 13-15 | 16-18 | 19-21 | 22-24 | 25-27 || total
---------------------------+-------+-------+-------+-------+-------+-------+-------+-------+-------++-------
  Melee: Dagger            |     3 |       |       |       |       |       |       |       |       ||     3
         Trident           |       |       |     1 |     2 |       |       |       |       |       ||     3
         Staff             |       |       |       |     4 |    16 |    32 |   168 |    68 |    68 ||   356
   Cast: Sandblast         |    40 |    41 |   113 |   124 |   319 |    11 |       |       |       ||   648
         Stone Arrow       |       |     4 |    40 |    65 |   316 |   156 |    32 |       |       ||   613
         Lee's Rapid Decon |       |       |     1 |    33 |    92 |   112 |    41 |       |       ||   279
         Brom's Barrelling |       |       |       |    38 |    13 |       |       |       |       ||    51
         Starburst         |       |       |       |       |     2 |     3 |       |       |       ||     5
         Bombard           |       |       |       |       |       |   166 |   320 |   196 |   334 ||  1016
         Borgnjor's Vile C |       |       |       |       |       |     8 |    16 |    11 |       ||    35
         Spellforged Servi |       |       |       |       |       |       |    97 |    86 |   105 ||   288
         Shatter           |       |       |       |       |       |       |       |    96 |   188 ||   284
         Lehudib's Crystal |       |       |       |       |       |       |       |     1 |    87 ||    88
         Fire Storm        |       |       |       |       |       |       |       |       |   226 ||   226
  Evoke: Wand              |     3 |     5 |       |       |     1 |    13 |     4 |     1 |       ||    27
         Condenser vane    |       |       |       |       |       |       |       |       |     1 ||     1
    Use: Scroll            |       |       |    16 |    13 |    11 |     4 |    10 |     1 |    10 ||    65
         Potion            |       |       |     2 |     2 |     3 |     5 |     4 |     3 |    23 ||    42
   Stab: Invisible         |       |       |       |       |       |       |     2 |       |       ||     2
         Distracted        |       |       |       |       |       |       |     3 |       |     1 ||     4
 Armour: Robe              |     9 |     3 |    29 |    23 |       |       |       |       |     2 ||    66
         Steam dragon scal |       |       |       |    99 |       |       |       |       |       ||    99
         Acid dragon scale |       |       |       |    57 |   377 |   229 |   427 |   248 |       ||  1338
         Quicksilver drago |       |       |       |       |       |       |       |     6 |   340 ||   346
  Dodge: Dodged            |    14 |     8 |    25 |   131 |   203 |   124 |   318 |   115 |   175 ||  1113
  Block: Buckler           |       |       |       |       |    51 |    75 |   157 |    30 |    77 ||   390

Table legend: (Time is in decaauts)
 A = Elapsed time spent in this place.
 B = Non-inter-level travel time spent in this place.
 C = Inter-level travel time spent in this place.
 D = Time resting spent in this place.
 E = Time spent auto-exploring this place.
 F = Levels seen in this place.
 G = Mean time per level.
                   A        B        C        D        E       F      G
               +--------+--------+--------+--------+--------+-----+--------+
         Total |  88224 |  81712 |   6512 |  18091 |  49339 |  83 | 1062.9 |
       Dungeon |  19906 |  18091 |   1815 |   3557 |  11651 |  15 | 1327.1 |
        Temple |     20 |     20 |      0 |      0 |      0 |   1 |   20.0 |
          Lair |   8844 |   7457 |   1387 |    775 |   5630 |   5 | 1768.8 |
         Swamp |   6057 |   5659 |    398 |   1834 |   2961 |   4 | 1514.2 |
     Snake Pit |   7954 |   7585 |    369 |   1841 |   4810 |   4 | 1988.5 |
  Orcish Mines |   1898 |   1774 |    124 |    484 |    943 |   2 |  949.0 |
   Elven Halls |   4665 |   4450 |    215 |    565 |   3146 |   3 | 1555.0 |
        Vaults |  12819 |  11885 |    934 |   3108 |   7141 |   5 | 2563.8 |
         Crypt |   5931 |   5671 |    260 |   1377 |   3573 |   3 | 1977.0 |
        Depths |   8892 |   8203 |    689 |   2085 |   4879 |   4 | 2223.0 |
           Zot |   6362 |   6046 |    316 |   1090 |   3695 |   5 | 1272.4 |
      Ziggurat |   3174 |   3174 |      0 |    929 |    278 |  27 |  117.6 |
        Bazaar |    296 |    296 |      0 |      0 |    183 |   1 |  296.0 |
         Trove |     57 |     57 |      0 |      0 |      0 |   1 |   57.0 |
       Ossuary |    631 |    631 |      0 |    179 |    206 |   1 |  631.0 |
      Ice Cave |    226 |    226 |      0 |    110 |     58 |   1 |  226.0 |
      Gauntlet |    485 |    485 |      0 |    157 |    185 |   1 |  485.0 |
               +--------+--------+--------+--------+--------+-----+--------+

Top non-repeatable levels by time:
Vaults:3: 3808 daAuts
Vaults:2: 2927 daAuts
 Snake:3: 2903 daAuts
Depths:1: 2813 daAuts
  Lair:5: 2365 daAuts
Depths:3: 2348 daAuts
Vaults:4: 2316 daAuts
Vaults:1: 2298 daAuts
 Crypt:2: 2169 daAuts
    D:11: 2133 daAuts
    D:13: 2118 daAuts
 Crypt:3: 2089 daAuts
   Elf:3: 2034 daAuts
    D:10: 1963 daAuts
Depths:2: 1947 daAuts

Levels and vault maps discovered:
D:1:      evilmike_arrival_fibonacci_small, layout_basic
D:2:      layout_basic, serial_forest, infiniplex_forest_straight_4,
          infiniplex_forest_lined_3, infiniplex_forest_lined_2,
          infiniplex_forest_straight_2, infiniplex_forest_clump_double,
          infiniplex_forest_clump_tiny, infiniplex_forest_end_2,
          infiniplex_forest_end_double, infiniplex_forest_lined_4_way,
          infiniplex_forest_clump_diagonal, serial_shops, shop
D:3:      layout_basic, kiku_gazebo_garden_becter, uniq_terence
D:4:      layout_basic, ebering_ghost_rock_garden
D:5:      layout_rooms, good_gods_temple_1, minmay_temple_entry_trees,
          enter_ossuary_5
D:6:      layout_rooms, nicolae_overflow_hallway_of_the_gods, kennysheep_dice,
          uniq_edmund, uniq_sigmund
D:7:      layout_layer_cave, marbit_many_paths, ebering_ghost_reflecting_pool,
          serial_shops, shop, uniq_joseph
D:8:      layout_basic, uniq_jeremiah, uniq_erica, uniq_grum
D:9:      layout_long_grid, nicolae_wu_jian_wuxing_cycle,
          nicolae_overflow_crystal_walls, uniq_harold
D:10:     layout_irregular_city, kennysheep_orc_monster_closet_entryway,
          minivault_7
D:11:     layout_basic, david_lair_generic, gauntlet_entry_generic,
          nicolae_rejected_hall, uniq_urug, uniq_maurice
D:12:     layout_irregular_city, ashenzari_altar_1
D:13:     layout_roguey, erik_vaults_2, hangedman_glass_teeth, uniq_azrael
D:14:     layout_rooms, xom_redecorated, minmay_bent, uniq_lodul
D:15:     hangedman_depths_entry_civil_slaughter, layout_irregular_city,
          serial_glass, glass_columns_c, glass_columns_a, glass_columns_b,
          glass_columns_c, glass_columns_a, glass_columns_a, glass_columns_a,
          glass_columns_b, minmay_starry_boxes
Temple:   hellmonk_temple_two_chambers
Lair:1:   layout_layer_cave, portal_ice_cave_entry_ice_simulacra, minivault_25,
          infiniplex_staircase_pool_2
Lair:2:   layout_cave_pods, dummy_snake_entry, ebering_ghost_inner_flame,
          bobbens_dragon_lair_wall, grunt_megastairs_4
Lair:3:   layout_regular_city, palyth_hydra_swamp_entry, basic_altar,
          columned_hall_lemuel, grunt_megastairs_2, uniq_snorg
Lair:4:   layout_gridlike, gammafunk_ghost_wrathful_warriors, minivault_11,
          grunt_forest_large_clearing_hut
Lair:5:   evilmike_catoblepas_cave, layout_loops_ring, slime_entry_1,
          nzn_ghost_randoct
Swamp:1:  layout_basic_swamp, hangedman_swamp_lotus, uniq_josephine,
          uniq_donald, uniq_kirke, uniq_nikola
Swamp:2:  layout_falls_marsh, evilmike_swamp_ruin_house_3, swamp_pool2,
          beargit_kiku_chapel
Swamp:3:  layout_basic_swamp, gammafunk_ghost_mausoleum,
          evilmike_swamp_ruin_rubble_2
Swamp:4:  swamp_vile, layout_basic_swamp, swamp_pool1, nzn_swamp_blast_mining,
          infiniplex_staircase_pool
Snake:1:  layout_onion_interference, nicolae_triple_integral, minmay_shoptagon
Snake:2:  layout_layer_cave, nicolae_shop_self_help, grunt_megastairs_1,
          uniq_aizul, uniq_jorgrun, uniq_vashnia
Snake:3:  layout_cave_pods, serial_shops, shop, drop_trap
Snake:4:  grunt_snake_rune_serpentine_throne, layout_cave_pods,
          serial_bayou_crossing
Orc:1:    layout_diamond_mine, basic_altar, uniq_erolcha
Orc:2:    st_orc_ogre_mass, layout_diamond_mine
Elf:1:    elf_arrival_002, layout_gridlike, minmay_elf_sorcery
Elf:2:    nicolae_elf_blades_splatter_lattice
          [nicolae_blade_entry_sentries_behind_glass], layout_geoelf_octagon,
          solitary_fountain
Elf:3:    elf_hall_gauntlet_narrow, layout_onion_city, serial_shops,
          nicolae_diamond_shop
Vaults:1: nicolae_vaults_two_Ls, v_misc_18, hangedman_vaults_corner, v_misc_25,
          vaults_room_octagon, vaults_room_hallway,
          nicolae_vaults_fighting_squares, nicolae_vaults_little_squares_5,
          nicolae_vaults_more_shelving_1, nicolae_vaults_tetromino_T_2,
          nicolae_vaults_apartment_1, layout_vaults_omnicross, serial_shops,
          bzr_firewalk
Vaults:2: minmay_crypt_entry_necro_gods, nicolae_vaults_shipping_containers_5,
          nicolae_vaults_heart-shaped_vault, v_misc_11, nicolae_vaults_alarming,
          vaults_mumra_hex, nicolae_vaults_border_crossing, v_alt_pattern_2,
          nicolae_vaults_little_squares_2, layout_vaults_omnigrid
Vaults:3: gammafunk_ghost_necromancy, nicolae_vaults_big_ls, v_rooms_4,
          nicolae_vaults_angled_halls, hangedman_vaults_nails,
          nicolae_vaults_big_angled_halls, vaults_room_fours,
          nicolae_vaults_little_squares_2, vaults_room_large_hall, v_pattern_5,
          nicolae_vaults_wine_cellar, nicolae_vaults_trapezoid_lopsided_4,
          nicolae_vaults_variable_pillar_hall, vaults_dpeg_emergency_exit,
          hangedman_vaults_stretched_pinwheel, vaults_dpeg_spiral, v_misc_13,
          vaults_room_stairs_pillars, layout_vaults_omnibox, uniq_mennas
Vaults:4: nicolae_vaults_closet_pinwheel_5, nicolae_vaults_network_periphery,
          v_pattern_2, v_misc_10, ontoclasm_vaults_claustrophobia,
          nicolae_vaults_closet_pinwheel_3,
          nicolae_vaults_windows_and_doors_thing, nicolae_vaults_house_2,
          nicolae_vaults_little_squares_3, layout_vaults_ring, serial_shops,
          nicolae_shop_real_fake_doors
Vaults:5: serial_shops
Crypt:1:  layout_catacombs, roderic_lattice_octagonal_star,
          grunt_crypt_arrival_webbed
Crypt:2:  layout_catacombs, uniq_grunn
Crypt:3:  quadcrypt_mu
Depths:1: layout_basic, enter_ziggurat_f, pf_coc_iceberg, enter_trove_1,
          rand_demon_pan_entry_4, nicolae_gozag_cash_rules_everything_around_me,
          minmay_shop_grove
Depths:2: minmay_haunted_quarter, layout_basic, grunt_pan_entry_sceptre,
          abyss_entry, hell_entry, wad_floor_pattern_untrapped,
          infiniplex_staircase_river, serial_bayou_shore_b, uniq_enchantress,
          uniq_josephina
Depths:3: minmay_textured_paths, layout_basic, grunt_hell_entry_dis_mu,
          abyss_entry, lightli_giant_bouncers, minmay_staircase_statues
Depths:4: grunt_zot_entry_bicorn, layout_cave_pools, pf_hell_entry_tar_spiral,
          rand_demon_pan_entry_7, serial_shops, nicolae_shop_window_shopping,
          shop, shop, hangedman_decor_push, kilobyte_rumbling_trees
Zot:1:    layout_concentric_octagons, hangedman_player_shredder, uniq_tiamat
Zot:2:    layout_gridlike
Zot:3:    lemuel_firehouse, layout_onion_interference
Zot:4:    layout_gridville, grunt_ministairs_11, hangedman_zot_decor_scrapings,
          zot_minivault_5
Zot:5:    layout_concentric_octagons, st_stairs_10
Zig:27

Table legend: (Time is in decaauts)
 A = Elapsed time spent in this place.
 B = Non-inter-level travel time spent in this place.
 C = Inter-level travel time spent in this place.
 D = Time resting spent in this place.
 E = Time spent auto-exploring this place.
 F = Levels seen in this place.
 G = Mean time per level.
                   A        B        C        D        E       F      G
               +--------+--------+--------+--------+--------+-----+--------+
         Total |  88224 |  81712 |   6512 |  18091 |  49339 |  83 | 1062.9 |
       Dungeon |  19906 |  18091 |   1815 |   3557 |  11651 |  15 | 1327.1 |
        Temple |     20 |     20 |      0 |      0 |      0 |   1 |   20.0 |
          Lair |   8844 |   7457 |   1387 |    775 |   5630 |   5 | 1768.8 |
         Swamp |   6057 |   5659 |    398 |   1834 |   2961 |   4 | 1514.2 |
     Snake Pit |   7954 |   7585 |    369 |   1841 |   4810 |   4 | 1988.5 |
  Orcish Mines |   1898 |   1774 |    124 |    484 |    943 |   2 |  949.0 |
   Elven Halls |   4665 |   4450 |    215 |    565 |   3146 |   3 | 1555.0 |
        Vaults |  12819 |  11885 |    934 |   3108 |   7141 |   5 | 2563.8 |
         Crypt |   5931 |   5671 |    260 |   1377 |   3573 |   3 | 1977.0 |
        Depths |   8892 |   8203 |    689 |   2085 |   4879 |   4 | 2223.0 |
           Zot |   6362 |   6046 |    316 |   1090 |   3695 |   5 | 1272.4 |
      Ziggurat |   3174 |   3174 |      0 |    929 |    278 |  27 |  117.6 |
        Bazaar |    296 |    296 |      0 |      0 |    183 |   1 |  296.0 |
         Trove |     57 |     57 |      0 |      0 |      0 |   1 |   57.0 |
       Ossuary |    631 |    631 |      0 |    179 |    206 |   1 |  631.0 |
      Ice Cave |    226 |    226 |      0 |    110 |     58 |   1 |  226.0 |
      Gauntlet |    485 |    485 |      0 |    157 |    185 |   1 |  485.0 |
               +--------+--------+--------+--------+--------+-----+--------+

Top non-repeatable levels by time:
Vaults:3: 3808 daAuts
Vaults:2: 2927 daAuts
 Snake:3: 2903 daAuts
Depths:1: 2813 daAuts
  Lair:5: 2365 daAuts
Depths:3: 2348 daAuts
Vaults:4: 2316 daAuts
Vaults:1: 2298 daAuts
 Crypt:2: 2169 daAuts
    D:11: 2133 daAuts
    D:13: 2118 daAuts
 Crypt:3: 2089 daAuts
   Elf:3: 2034 daAuts
    D:10: 1963 daAuts
Depths:2: 1947 daAuts

Table legend:
 A = Kills in this place as a percentage of kills in the entire game.
 B = Kills by you in this place as a percentage of kills by you in the entire game.
 C = Kills by friends in this place as a percentage of kills by friends in the entire game.
 D = Other kills in this place as a percentage of other kills in the entire game.
 E = Experience gained in this place as a percentage of experience gained in the entire game.
 F = Experience gained in this place divided by the number of levels of this place that you have seen.
                   A       B       C       D       E      F
               +-------+-------+-------+-------+-------+----------------------
         Total | 100.0 | 100.0 | 100.0 | 100.0 | 100.0 | 26809.7
       Dungeon |  12.5 |  14.5 |   0.6 |   0.0 |   4.2 | 6157.1
          Lair |   5.4 |   6.4 |   0.0 |   0.0 |   2.5 | 11269.0
         Swamp |   5.2 |   4.9 |   6.5 |  33.3 |   4.0 | 22366.5
     Snake Pit |   5.1 |   4.2 |  10.3 |   0.0 |   4.3 | 23819.2
  Orcish Mines |   3.0 |   3.5 |   0.0 |   0.0 |   1.1 | 12667.0
   Elven Halls |   5.1 |   4.6 |   7.5 |   0.0 |   5.2 | 38280.7
        Vaults |  13.0 |   9.4 |  34.0 |   0.0 |  14.4 | 64298.0
         Crypt |   6.1 |   6.3 |   5.2 |   0.0 |   5.9 | 43935.3
        Depths |   6.9 |   5.6 |  14.6 |   0.0 |   8.7 | 48288.5
           Zot |   8.0 |   7.9 |   8.4 |  16.7 |  16.1 | 71577.6
      Ziggurat |  28.4 |  31.0 |  12.9 |  50.0 |  33.3 | 27423.2
       Ossuary |   1.0 |   1.2 |   0.0 |   0.0 |   0.0 | 236.0
      Ice Cave |   0.3 |   0.3 |   0.0 |   0.0 |   0.1 | 2331.0
      Gauntlet |   0.3 |   0.3 |   0.0 |   0.0 |   0.2 | 4253.0
               +-------+-------+-------+-------+-------+----------------------
